Workbook

Sheet 44H
B1: PLANILHA DE CUSTOS E FORMAÇÃO DE PREÇO | D1: LOTE 1 | F1: PLANILHA DE CUSTOS E FORMAÇÃO DE PREÇO | H1: LOTE 2 | J1: PLANILHA DE CUSTOS E FORMAÇÃO DE PREÇO | L1: LOTE 3
B2: Nº do Processo: SEI-360018/000729/2025 | F2: Nº do Processo: SEI-360018/000729/2025 | J2: Nº do Processo: SEI-360018/000729/2025
B4: Dados complementares para composição dos custos referente à mão-de-obra | F4: Dados complementares para composição dos custos referente à mão-de-obra | J4: Dados complementares para composição dos custos referente à mão-de-obra
B5: 1 | C5: Tipo de serviço (mesmo serviço com características distintas) | E5: Servente 44h | F5: 1 | G5: Tipo de serviço (mesmo serviço com características distintas) | I5: Servente 44h | J5: 1 | K5: Tipo de serviço (mesmo serviço com características distintas) | M5: Servente 44h
B6: 2 | C6: Salário Normativo da Categoria Profissional | E6: 1730.75 | F6: 2 | G6: Salário Normativo da Categoria Profissional | I6: 1730.75 | J6: 2 | K6: Salário Normativo da Categoria Profissional | M6: 1730.75
B7: 3 | C7: Categoria profissional (vinculada à execução contratual) | E7: ASG | F7: 3 | G7: Categoria profissional (vinculada à execução contratual) | I7: ASG | J7: 3 | K7: Categoria profissional (vinculada à execução contratual) | M7: ASG
B8: 4 | C8: Data base da categoria (dia/mês/ano) | E8: 45775 | F8: 4 | G8: Data base da categoria (dia/mês/ano) | I8: 45775 | J8: 4 | K8: Data base da categoria (dia/mês/ano) | M8: 45775
B9: 5 | C9: Número de meses de execução contratual: | E9: 30 | F9: 5 | G9: Número de meses de execução contratual: | I9: 30 | J9: 5 | K9: Número de meses de execução contratual: | M9: 30
B11: Módulo 1 - Composição da Remuneração | D11: (%) | E11: Valor (R$) | F11: Módulo 1 - Composição da Remuneração | H11: (%) | I11: Valor (R$) | J11: Módulo 1 - Composição da Remuneração | L11: (%) | M11: Valor (R$)
B12: A | C12: Salário-Base | E12: =E6 -> 1730.75 | F12: A | G12: Salário-Base | I12: =I6 -> 1730.75 | J12: A | K12: Salário-Base | M12: =M6 -> 1730.75
B13: B | C13: Adicional de Periculosidade | E13: =$E$12*D13 -> 0 | F13: B | G13: Adicional de Periculosidade | I13: =$E$12*H13 -> 0 | J13: B | K13: Adicional de Periculosidade | M13: =$E$12*L13 -> 0
B14: C | C14: Adicional de Insalubridade | E14: =$E$12*D14 -> 0 | F14: C | G14: Adicional de Insalubridade | I14: =$E$12*H14 -> 0 | J14: C | K14: Adicional de Insalubridade | M14: =$E$12*L14 -> 0
B15: D | C15: Adicional Noturno | E15: =$E$12*D15 -> 0 | F15: D | G15: Adicional Noturno | I15: =$E$12*H15 -> 0 | J15: D | K15: Adicional Noturno | M15: =$E$12*L15 -> 0
B16: E | C16: Adicional de Hora Noturna Reduzida | E16: =$E$12*D16 -> 0 | F16: E | G16: Adicional de Hora Noturna Reduzida | I16: =$E$12*H16 -> 0 | J16: E | K16: Adicional de Hora Noturna Reduzida | M16: =$E$12*L16 -> 0
B17: F | C17: Outros (especificar) | E17: =$E$12*D17 -> 0 | F17: F | G17: Outros (especificar) | I17: =$E$12*H17 -> 0 | J17: F | K17: Outros (especificar) | M17: =$E$12*L17 -> 0
B18: Total | E18: =SUM(E12:E17) -> 1730.75 | F18: Total | I18: =SUM(I12:I17) -> 1730.75 | J18: Total | M18: =SUM(M12:M17) -> 1730.75
B20: Módulo 2 - Encargos e Benefícios Anuais, Mensais e Diários | F20: Módulo 2 - Encargos e Benefícios Anuais, Mensais e Diários | J20: Módulo 2 - Encargos e Benefícios Anuais, Mensais e Diários
B21: Submódulo 2.1 - 13º (décimo terceiro) Sal ário, Férias e Adicional de Férias | D21: (%) | E21: Valor (R$) | F21: Submódulo 2.1 - 13º (décimo terceiro) Sal ário, Férias e Adicional de Férias | H21: (%) | I21: Valor (R$) | J21: Submódulo 2.1 - 13º (décimo terceiro) Sal ário, Férias e Adicional de Férias | L21: (%) | M21: Valor (R$)
B22: A | C22: 13º (décimo terceiro) Salário | D22: 0.0833 | E22: =$E$18*D22 -> 144.17147 | F22: A | G22: 13º (décimo terceiro) Salário | H22: 0.0833 | I22: =$E$18*H22 -> 144.17147 | J22: A | K22: 13º (décimo terceiro) Salário | L22: 0.0833 | M22: =$E$18*L22 -> 144.17147
B23: B | C23: Férias | D23: 0.0833 | E23: =$E$18*D23 -> 144.17147 | F23: B | G23: Férias | H23: 0.0833 | I23: =$E$18*H23 -> 144.17147 | J23: B | K23: Férias | L23: 0.0833 | M23: =$E$18*L23 -> 144.17147
B24: C | C24: Adicional de Férias | D24: 0.0278 | E24: =$E$18*D24 -> 48.11485 | F24: C | G24: Adicional de Férias | H24: 0.0278 | I24: =$E$18*H24 -> 48.11485 | J24: C | K24: Adicional de Férias | L24: 0.0278 | M24: =$E$18*L24 -> 48.11485
B25: Total | E25: =SUM(E22:E24) -> 336.4578 | F25: Total | I25: =SUM(I22:I24) -> 336.4578 | J25: Total | M25: =SUM(M22:M24) -> 336.4578
B26: Submódulo 2.2 - GPS, FGTS e outras contribuições | D26: (%) | E26: Valor (R$) | F26: Submódulo 2.2 - GPS, FGTS e outras contribuições | H26: (%) | I26: Valor (R$) | J26: Submódulo 2.2 - GPS, FGTS e outras contribuições | L26: (%) | M26: Valor (R$)
B27: A | C27: INSS | D27: 0.2 | E27: =($E$25+$E$18)*$D$27 -> 413.44156 | F27: A | G27: INSS | H27: 0.2 | I27: =($E$25+$E$18)*$D$27 -> 413.44156 | J27: A | K27: INSS | L27: 0.2 | M27: =($E$25+$E$18)*$D$27 -> 413.44156
B28: B | C28: Salário Educação | D28: 0.025 | E28: =($E$25+E18)*D28 -> 51.680195 | F28: B | G28: Salário Educação | H28: 0.025 | I28: =($E$25+I18)*H28 -> 51.680195 | J28: B | K28: Salário Educação | L28: 0.025 | M28: =($E$25+M18)*L28 -> 51.680195
B29: C | C29: SAT | D29: 0.03 | E29: =($E$25+E18)*$D$29 -> 62.016234 | F29: C | G29: SAT | H29: 0.03 | I29: =($E$25+I18)*$D$29 -> 62.016234 | J29: C | K29: SAT | L29: 0.03 | M29: =($E$25+M18)*$D$29 -> 62.016234
B30: D | C30: SESC ou SESI | D30: 0.015 | E30: =($E$25+E18)*$D$30 -> 31.008117 | F30: D | G30: SESC ou SESI | H30: 0.015 | I30: =($E$25+I18)*$D$30 -> 31.008117 | J30: D | K30: SESC ou SESI | L30: 0.015 | M30: =($E$25+M18)*$D$30 -> 31.008117
B31: E | C31: SENAI - SENAC | D31: 0.01 | E31: =($E$25+E18)*$D$31 -> 20.672078 | F31: E | G31: SENAI - SENAC | H31: 0.01 | I31: =($E$25+I18)*$D$31 -> 20.672078 | J31: E | K31: SENAI - SENAC | L31: 0.01 | M31: =($E$25+M18)*$D$31 -> 20.672078
B32: F | C32: SEBRAE | D32: 0.006 | E32: =($E$25+E18)*$D$32 -> 12.403247 | F32: F | G32: SEBRAE | H32: 0.006 | I32: =($E$25+I18)*$D$32 -> 12.403247 | J32: F | K32: SEBRAE | L32: 0.006 | M32: =($E$25+M18)*$D$32 -> 12.403247
B33: G | C33: INCRA | D33: 0.002 | E33: =($E$25+E18)*$D$33 -> 4.1344156 | F33: G | G33: INCRA | H33: 0.002 | I33: =($E$25+I18)*$D$33 -> 4.1344156 | J33: G | K33: INCRA | L33: 0.002 | M33: =($E$25+M18)*$D$33 -> 4.1344156
B34: H | C34: FGTS | D34: 0.08 | E34: =($E$25+$E$18)*D34 -> 165.37662 | F34: H | G34: FGTS | H34: 0.08 | I34: =($E$25+$E$18)*H34 -> 165.37662 | J34: H | K34: FGTS | L34: 0.08 | M34: =($E$25+$E$18)*L34 -> 165.37662
D35: =SUM(D27:D34) -> 0.368 | H35: =SUM(H27:H34) -> 0.368 | L35: =SUM(L27:L34) -> 0.368
B36: Total | E36: =SUM(E27:E34) -> 760.73247 | F36: Total | I36: =SUM(I27:I34) -> 760.73247 | J36: Total | M36: =SUM(M27:M34) -> 760.73247
B37: Submódulo 2.3 - Benefícios Mensais e Diários. | D37: (%) | E37: Valor (R$) | F37: Submódulo 2.3 - Benefícios Mensais e Diários. | H37: (%) | I37: Valor (R$) | J37: Submódulo 2.3 - Benefícios Mensais e Diários. | L37: (%) | M37: Valor (R$)
B38: 2.3 | C38: Benefícios Mensais e Diários | E38: Valor (R$) | F38: 2.3 | G38: Benefícios Mensais e Diários | I38: Valor (R$) | J38: 2.3 | K38: Benefícios Mensais e Diários | M38: Valor (R$)
B39: A | C39: Transporte | D39: 4.7 | E39: =D39*2*26-(E12*6%) -> 140.555 | F39: A | G39: Transporte | H39: 4.7 | I39: =H39*2*26-(I12*6%) -> 140.555 | J39: A | K39: Transporte | L39: 4.7 | M39: =L39*2*26-(M12*6%) -> 140.555
B40: B | C40: Auxílio-Refeição/Alimentação | D40: 25 | E40: =D40*22-(25*22*10%) -> 495 | F40: B | G40: Auxílio-Refeição/Alimentação | H40: 25 | I40: =H40*22-(25*22*10%) -> 495 | J40: B | K40: Auxílio-Refeição/Alimentação | L40: 25 | M40: =L40*22-(25*22*10%) -> 495
B41: C | C41: Benefício Social e Familiar | E41: 21.6 | F41: C | G41: Benefício Social e Familiar | I41: 21.6 | J41: C | K41: Benefício Social e Familiar | M41: 21.6
B42: D | C42: Outros (especificar) | F42: D | G42: Outros (especificar) | J42: D | K42: Outros (especificar)
B43: Total | E43: =SUM(E39,E40,E41) -> 657.155 | F43: Total | I43: =SUM(I39,I40,I41) -> 657.155 | J43: Total | M43: =SUM(M39,M40,M41) -> 657.155
B44: Quadro-Resumo do Módulo 2 - Encargos e Benefícios anuais, mensais e diários | E44: Valor (R$) | F44: Quadro-Resumo do Módulo 2 - Encargos e Benefícios anuais, mensais e diários | I44: Valor (R$) | J44: Quadro-Resumo do Módulo 2 - Encargos e Benefícios anuais, mensais e diários | M44: Valor (R$)
B45: 2.1 | C45: 13º (décimo terceiro) Salário, Férias e Adicional de Férias | E45: =E25 -> 336.4578 | F45: 2.1 | G45: 13º (décimo terceiro) Salário, Férias e Adicional de Férias | I45: =I25 -> 336.4578 | J45: 2.1 | K45: 13º (décimo terceiro) Salário, Férias e Adicional de Férias | M45: =M25 -> 336.4578
B46: 2.2 | C46: GPS, FGTS e outras contribuições | E46: =E36 -> 760.73247 | F46: 2.2 | G46: GPS, FGTS e outras contribuições | I46: =I36 -> 760.73247 | J46: 2.2 | K46: GPS, FGTS e outras contribuições | M46: =M36 -> 760.73247
B47: 2.3 | C47: Benefícios Mensais e Diários | E47: =E43 -> 657.155 | F47: 2.3 | G47: Benefícios Mensais e Diários | I47: =I43 -> 657.155 | J47: 2.3 | K47: Benefícios Mensais e Diários | M47: =M43 -> 657.155
B48: Total | E48: =SUM(E45:E47) -> 1754.3453 | F48: Total | I48: =SUM(I45:I47) -> 1754.3453 | J48: Total | M48: =SUM(M45:M47) -> 1754.3453
B50: Módulo 3 - Provisão para Rescisão | D50: (%) | E50: Valor (R$) | F50: Módulo 3 - Provisão para Rescisão | H50: (%) | I50: Valor (R$) | J50: Módulo 3 - Provisão para Rescisão | L50: (%) | M50: Valor (R$)
B51: A | C51: Aviso Prévio Indenizado | D51: =5%/12 -> 0.0041666667 | E51: =($E$18+$E$25)*D51 -> 8.6133658 | F51: A | G51: Aviso Prévio Indenizado | H51: =5%/12 -> 0.0041666667 | I51: =($I$18+$I$25)*H51 -> 8.6133658 | J51: A | K51: Aviso Prévio Indenizado | L51: =5%/12 -> 0.0041666667 | M51: =($M$18+$M$25)*L51 -> 8.6133658
B52: B | C52: Incidência do FGTS sobre o Aviso Prévio Indenizado | D52: =D51*D34 -> 0.00033333333 | E52: =($E$18+$E$25)*D52 -> 0.68906927 | F52: B | G52: Incidência do FGTS sobre o Aviso Prévio Indenizado | H52: =H51*H34 -> 0.00033333333 | I52: =($I$18+$I$25)*H52 -> 0.68906927 | J52: B | K52: Incidência do FGTS sobre o Aviso Prévio Indenizado | L52: =L51*L34 -> 0.00033333333 | M52: =($M$18+$M$25)*L52 -> 0.68906927
B53: C | C53: Multa do FGTS no Aviso Prévio Indenizado | D53: =(1+2/12+(1/3*1/12))*0.08*0.4*0.05 -> 0.0019111111 | E53: =(E18+E25)*D53 -> 3.9506638 | F53: C | G53: Multa do FGTS no Aviso Prévio Indenizado | H53: =(1+2/12+(1/3*1/12))*0.08*0.4*0.05 -> 0.0019111111 | I53: =(I18+I25)*H53 -> 3.9506638 | J53: C | K53: Multa do FGTS no Aviso Prévio Indenizado | L53: =(1+2/12+(1/3*1/12))*0.08*0.4*0.05 -> 0.0019111111 | M53: =(M18+M25)*L53 -> 3.9506638
B54: D | C54: Aviso Prévio Trabalhado | D54: =7/30/12 -> 0.019444444 | E54: =($E$18+$E$25)*D54 -> 40.195707 | F54: D | G54: Aviso Prévio Trabalhado | H54: =7/30/12 -> 0.019444444 | I54: =($I$18+$I$25)*H54 -> 40.195707 | J54: D | K54: Aviso Prévio Trabalhado | L54: =7/30/12 -> 0.019444444 | M54: =($M$18+$M$25)*L54 -> 40.195707
B55: E | C55: Incidência de GPS, FGTS e outras contribuições sobre o APT | D55: =D54*D35 -> 0.0071555556 | E55: =($E$18+$E$25)*D55 -> 14.79202 | F55: E | G55: Incidência de GPS, FGTS e outras contribuições sobre o APT | H55: =H54*H35 -> 0.0071555556 | I55: =($I$18+$I$25)*H55 -> 14.79202 | J55: E | K55: Incidência de GPS, FGTS e outras contribuições sobre o APT | L55: =L54*L35 -> 0.0071555556 | M55: =($M$18+$M$25)*L55 -> 14.79202
B56: F | C56: Multa do FGTS sobre o APT | D56: =100%*8%*40%*(1+1/12*1/3+1/12) -> 0.035555556 | E56: =($E$18+$E$25)*D56 -> 73.500722 | F56: F | G56: Multa do FGTS sobre o APT | H56: =100%*8%*40%*(1+1/12*1/3+1/12) -> 0.035555556 | I56: =($I$18+$I$25)*H56 -> 73.500722 | J56: F | K56: Multa do FGTS sobre o APT | L56: =100%*8%*40%*(1+1/12*1/3+1/12) -> 0.035555556 | M56: =($M$18+$M$25)*L56 -> 73.500722
B57: Total | E57: =SUM(E51:E56) -> 141.74155 | F57: Total | I57: =SUM(I51:I56) -> 141.74155 | J57: Total | M57: =SUM(M51:M56) -> 141.74155
B59: Módulo 4 - Custo de Reposição do Profissional Ausente | F59: Módulo 4 - Custo de Reposição do Profissional Ausente | J59: Módulo 4 - Custo de Reposição do Profissional Ausente
B60: Submódulo 4.1 - Ausências Legais | D60: Dias de Reposição | E60: Valor (R$) | F60: Submódulo 4.1 - Ausências Legais | H60: Dias de Reposição | I60: Valor (R$) | J60: Submódulo 4.1 - Ausências Legais | L60: Dias de Reposição | M60: Valor (R$)
B61: A | C61: Substituto na cobertura de Férias (Décimo Terceiro Salário do Substituto) | D61: =(1/12+1/12+1/12/3)/12 -> 0.016203704 | E61: =(E18+E36)*D61 -> 40.371244 | F61: A | G61: Substituto na cobertura de Férias (Décimo Terceiro Salário do Substituto) | H61: =(1/12+1/12+1/12/3)/12 -> 0.016203704 | I61: =(I18+I36)*H61 -> 40.371244 | J61: A | K61: Substituto na cobertura de Férias (Décimo Terceiro Salário do Substituto) | L61: =(1/12+1/12+1/12/3)/12 -> 0.016203704 | M61: =(M18+M36)*L61 -> 40.371244
B62: B | C62: Substituto na cobertura de Ausências Legais | D62: =(1/30/12) -> 0.0027777778 | E62: =E18*D62 -> 4.8076389 | F62: B | G62: Substituto na cobertura de Ausências Legais | H62: =(1/30/12) -> 0.0027777778 | I62: =I18*H62 -> 4.8076389 | J62: B | K62: Substituto na cobertura de Ausências Legais | L62: =(1/30/12) -> 0.0027777778 | M62: =M18*L62 -> 4.8076389
B63: C | C63: Substituto na cobertura de Licença Paternidade | D63: =(5/30/12)*0.015 -> 0.00020833333 | E63: =E18*D63 -> 0.36057292 | F63: C | G63: Substituto na cobertura de Licença Paternidade | H63: =(5/30/12)*0.015 -> 0.00020833333 | I63: =I18*H63 -> 0.36057292 | J63: C | K63: Substituto na cobertura de Licença Paternidade | L63: =(5/30/12)*0.015 -> 0.00020833333 | M63: =M18*L63 -> 0.36057292
B64: D | C64: Substituto na cobertura de Ausência por Acidente de Trabalho | D64: =(1/12)*0.0178 -> 0.0014833333 | E64: =(E18)*D64 -> 2.5672792 | F64: D | G64: Substituto na cobertura de Ausência por Acidente de Trabalho | H64: =(1/12)*0.0178 -> 0.0014833333 | I64: =(I18)*H64 -> 2.5672792 | J64: D | K64: Substituto na cobertura de Ausência por Acidente de Trabalho | L64: =(1/12)*0.0178 -> 0.0014833333 | M64: =(M18)*L64 -> 2.5672792
B65: E | C65: Substituto na cobertura de Afastamento Maternidade | D65: =11.11%*5.28%*50% -> 0.00293304 | E65: =(E18+(1/12+1/12/3)/12+E36)*D65 -> 7.3076449 | F65: E | G65: Substituto na cobertura de Afastamento Maternidade | H65: =11.11%*5.28%*50% -> 0.00293304 | I65: =(I18+(1/12+1/12/3)/12+I36)*H65 -> 7.3076449 | J65: E | K65: Substituto na cobertura de Afastamento Maternidade | L65: =11.11%*5.28%*50% -> 0.00293304 | M65: =(M18+(1/12+1/12/3)/12+M36)*L65 -> 7.3076449
B66: F | C66: outra substituição (especificar) | D66: 0 | E66: =($E$18+$E$25)*D66 -> 0 | F66: F | G66: outra substituição (especificar) | H66: 0 | I66: =($E$18+$E$25)*H66 -> 0 | J66: F | K66: outra substituição (especificar) | L66: 0 | M66: =($E$18+$E$25)*L66 -> 0
B67: G | C67: Subtotal | D67: =SUM(D61:D66) -> 0.023606188 | F67: G | G67: Subtotal | H67: =SUM(H61:H66) -> 0.023606188 | J67: G | K67: Subtotal | L67: =SUM(L61:L66) -> 0.023606188
B68: Total | E68: =SUM(E61:E67) -> 55.41438 | F68: Total | I68: =SUM(I61:I67) -> 55.41438 | J68: Total | M68: =SUM(M61:M67) -> 55.41438
B69: Submódulo 4.2 - Intrajornada | D69: (%) | E69: Valor R$ | F69: Submódulo 4.2 - Intrajornada | H69: (%) | I69: Valor R$ | J69: Submódulo 4.2 - Intrajornada | L69: (%) | M69: Valor R$
B70: A | C70: Intervalo para repouso ou alimentação | E70: 0 | F70: A | G70: Intervalo para repouso ou alimentação | I70: 0 | J70: A | K70: Intervalo para repouso ou alimentação | M70: 0
B71: Total | F71: Total | J71: Total
B72: Quadro-Resumo do Módulo 4 - Custo de Reposição do Profissional Ausente | E72: Valor R$ | F72: Quadro-Resumo do Módulo 4 - Custo de Reposição do Profissional Ausente | I72: Valor R$ | J72: Quadro-Resumo do Módulo 4 - Custo de Reposição do Profissional Ausente | M72: Valor R$
B73: 4.1 | C73: Ausências Legais | E73: =E68 -> 55.41438 | F73: 4.1 | G73: Ausências Legais | I73: =I68 -> 55.41438 | J73: 4.1 | K73: Ausências Legais | M73: =M68 -> 55.41438
B74: 4.2 | C74: Intrajornada | E74: =E70 -> 0 | F74: 4.2 | G74: Intrajornada | I74: =I70 -> 0 | J74: 4.2 | K74: Intrajornada | M74: =M70 -> 0
B75: Total | E75: =SUM(E73:E74) -> 55.41438 | F75: Total | I75: =SUM(I73:I74) -> 55.41438 | J75: Total | M75: =SUM(M73:M74) -> 55.41438
B77: Módulo 5 - Insumos Diversos | E77: Valor (R$) | F77: Módulo 5 - Insumos Diversos | I77: Valor (R$) | J77: Módulo 5 - Insumos Diversos | M77: Valor (R$)
B78: A | C78: Uniformes e EPIs | E78: ='Uniformes e EPIs'!H15 -> 23.373611 | F78: A | G78: Uniformes e EPIs | I78: ='Uniformes e EPIs'!H15 -> 23.373611 | J78: A | K78: Uniformes e EPIs | M78: ='Uniformes e EPIs'!H15 -> 23.373611
B79: B | C79: Insumos de materiais | E79: =Insumos!H61 -> 571.13908 | F79: B | G79: Insumos de materiais | I79: =Insumos!P61 -> 542.37626 | J79: B | K79: Insumos de materiais | M79: =Insumos!X61 -> 709.03062
B80: C | C80: Depreciação de Equipamentos | E80: =Equipamentos!G9 -> 14.387847 | F80: C | G80: Depreciação de Equipamentos | I80: =Equipamentos!G16 -> 15.234191 | J80: C | K80: Depreciação de Equipamentos | M80: =Equipamentos!G23 -> 19.921634
B81: Total | E81: =SUM(E78:E80) -> 608.90054 | F81: Total | I81: =SUM(I78:I80) -> 580.98406 | J81: Total | M81: =SUM(M78:M80) -> 752.32587
B82: TOTAL DOS CUSTOS DIRETOS | E82: =E81+E75+E57+E48+E18 -> 4291.1517 | F82: TOTAL DOS CUSTOS DIRETOS | I82: =I81+I75+I57+I48+I18 -> 4263.2353 | J82: TOTAL DOS CUSTOS DIRETOS | M82: =M81+M75+M57+M48+M18 -> 4434.5771
B84: Módulo 6 - Custos Indiretos, Tributos e Lucro | D84: (%) | E84: Valor (R$) | F84: Módulo 6 - Custos Indiretos, Tributos e Lucro | H84: (%) | I84: Valor (R$) | J84: Módulo 6 - Custos Indiretos, Tributos e Lucro | L84: (%) | M84: Valor (R$)
B85: A | C85: Custos Indiretos | D85: 0.05 | E85: =E82*$D$85 -> 214.55759 | F85: A | G85: Custos Indiretos | H85: 0.05 | I85: =I82*$H$85 -> 213.16176 | J85: A | K85: Custos Indiretos | L85: 0.05 | M85: =M82*$L$85 -> 221.72885
B86: B | C86: Lucro | D86: 0.1 | E86: =(E82+E85)*$D$86 -> 450.57093 | F86: B | G86: Lucro | H86: 0.1 | I86: =(I82+I85)*$H$86 -> 447.6397 | J86: B | K86: Lucro | L86: 0.1 | M86: =(M82+M85)*$L$86 -> 465.63059
B87: C | C87: Tributos | D87: =SUM(D88:D90) -> 0.1425 | F87: C | G87: Tributos | H87: =SUM(H88:H90) -> 0.1425 | J87: C | K87: Tributos | L87: =SUM(L88:L90) -> 0.1425
B88: C.1 | C88: PIS | D88: 0.0165 | E88: =(E82+E85+E86)/(1-$D$87)*$D$88 -> 95.368658 | F88: C.1 | G88: PIS | H88: 0.0165 | I88: =(I82+I85+I86)/(1-$H$87)*$H$88 -> 94.748229 | J88: C.1 | K88: PIS | L88: 0.0165 | M88: =(M82+M85+M86)/(1-$L$87)*$L$88 -> 98.556213
B89: C.2 | C89: COFINS | D89: 0.076 | E89: =(E82+E85+E86)/(1-$D$87)*$D$89 -> 439.27382 | F89: C.2 | G89: COFINS | H89: 0.076 | I89: =(I82+I85+I86)/(1-$H$87)*$H$89 -> 436.41608 | J89: C.2 | K89: COFINS | L89: 0.076 | M89: =(M82+M85+M86)/(1-$L$87)*$L$89 -> 453.95589
B90: C.3 | C90: ISS | D90: 0.05 | E90: =(E82+E85+E86)/(1-$D$87)*$D$90 -> 288.99593 | F90: C.3 | G90: ISS | H90: 0.05 | I90: =(I82+I85+I86)/(1-$H$87)*$H$90 -> 287.11584 | J90: C.3 | K90: ISS | L90: 0.05 | M90: =(M82+M85+M86)/(1-$L$87)*$L$90 -> 298.65519
B91: Total | E91: =SUM(E85:E90) -> 1488.7669 | F91: Total | I91: =SUM(I85:I90) -> 1479.0816 | J91: Total | M91: =SUM(M85:M90) -> 1538.5267
B93: Resumo do Custo por Empregado - Mão de obra vinculada à execução contratual | E93: Valor (R$) | F93: Resumo do Custo por Empregado - Mão de obra vinculada à execução contratual | I93: Valor (R$) | J93: Resumo do Custo por Empregado - Mão de obra vinculada à execução contratual | M93: Valor (R$)
B94: A | C94: Módulo 1 - Composição da Remuneração | E94: =E18 -> 1730.75 | F94: A | G94: Módulo 1 - Composição da Remuneração | I94: =I18 -> 1730.75 | J94: A | K94: Módulo 1 - Composição da Remuneração | M94: =M18 -> 1730.75
B95: B | C95: Módulo 2 - Encargos e Benefícios Anuais, Mensais e Diários | E95: =E48 -> 1754.3453 | F95: B | G95: Módulo 2 - Encargos e Benefícios Anuais, Mensais e Diários | I95: =I48 -> 1754.3453 | J95: B | K95: Módulo 2 - Encargos e Benefícios Anuais, Mensais e Diários | M95: =M48 -> 1754.3453
B96: C | C96: Módulo 3 - Provisão para Rescisão | E96: =E57 -> 141.74155 | F96: C | G96: Módulo 3 - Provisão para Rescisão | I96: =I57 -> 141.74155 | J96: C | K96: Módulo 3 - Provisão para Rescisão | M96: =M57 -> 141.74155
B97: D | C97: Módulo 4 - Custo de Reposição do Profissional Ausente | E97: =E68 -> 55.41438 | F97: D | G97: Módulo 4 - Custo de Reposição do Profissional Ausente | I97: =I68 -> 55.41438 | J97: D | K97: Módulo 4 - Custo de Reposição do Profissional Ausente | M97: =M68 -> 55.41438
B98: E | C98: Módulo 5 - Insumos Diversos | E98: =E81 -> 608.90054 | F98: E | G98: Módulo 5 - Insumos Diversos | I98: =I81 -> 580.98406 | J98: E | K98: Módulo 5 - Insumos Diversos | M98: =M81 -> 752.32587
B99: Subtotal (A + B + C + D + E) | E99: =SUM(E94:E98) -> 4291.1517 | F99: Subtotal (A + B + C + D + E) | I99: =SUM(I94:I98) -> 4263.2353 | J99: Subtotal (A + B + C + D + E) | M99: =SUM(M94:M98) -> 4434.5771
B100: F | C100: Módulo 6 – Custos Indiretos, Tributos e Lucro | E100: =E91 -> 1488.7669 | F100: F | G100: Módulo 6 – Custos Indiretos, Tributos e Lucro | I100: =I91 -> 1479.0816 | J100: F | K100: Módulo 6 – Custos Indiretos, Tributos e Lucro | M100: =M91 -> 1538.5267
B101: VALOR TOTAL POR EMPREGADO | E101: =SUM(E99,E100) -> 5779.9187 | F101: VALOR TOTAL POR EMPREGADO | I101: =SUM(I99,I100) -> 5742.3169 | J101: VALOR TOTAL POR EMPREGADO | M101: =SUM(M99,M100) -> 5973.1038
G104: 8.61

Sheet 44h+20%
B1: PLANILHA DE CUSTOS E FORMAÇÃO DE PREÇO | D1: ='44H'!D1 -> LOTE 1 | F1: PLANILHA DE CUSTOS E FORMAÇÃO DE PREÇO | H1: ='44H'!H1 -> LOTE 2 | J1: PLANILHA DE CUSTOS E FORMAÇÃO DE PREÇO | L1: ='44H'!L1 -> LOTE 3
B2: Nº do Processo: SEI-360018/000729/2025 | F2: Nº do Processo: SEI-360018/000729/2025 | J2: Nº do Processo: SEI-360018/000729/2025
B4: Dados complementares para composição dos custos referente à mão-de-obra | F4: Dados complementares para composição dos custos referente à mão-de-obra | J4: Dados complementares para composição dos custos referente à mão-de-obra
B5: 1 | C5: Tipo de serviço (mesmo serviço com características distintas) | E5: Servente 44h com insalubridade 40% | F5: 1 | G5: Tipo de serviço (mesmo serviço com características distintas) | I5: Servente 44h com insalubridade 40% | J5: 1 | K5: Tipo de serviço (mesmo serviço com características distintas) | M5: Servente 44h com insalubridade 40%
B6: 2 | C6: Salário Normativo da Categoria Profissional | E6: 1730.75 | F6: 2 | G6: Salário Normativo da Categoria Profissional | I6: 1730.75 | J6: 2 | K6: Salário Normativo da Categoria Profissional | M6: 1730.75
B7: 3 | C7: Categoria profissional (vinculada à execução contratual) | E7: ASG ins 20% | F7: 3 | G7: Categoria profissional (vinculada à execução contratual) | I7: ASG ins 20% | J7: 3 | K7: Categoria profissional (vinculada à execução contratual) | M7: ASG ins 20%
B8: 4 | C8: Data base da categoria (dia/mês/ano) | E8: 45775 | F8: 4 | G8: Data base da categoria (dia/mês/ano) | I8: 45775 | J8: 4 | K8: Data base da categoria (dia/mês/ano) | M8: 45775
B9: 5 | C9: Número de meses de execução contratual: | E9: 30 | F9: 5 | G9: Número de meses de execução contratual: | I9: 30 | J9: 5 | K9: Número de meses de execução contratual: | M9: 30
B11: Módulo 1 - Composição da Remuneração | D11: (%) | E11: Valor (R$) | F11: Módulo 1 - Composição da Remuneração | H11: (%) | I11: Valor (R$) | J11: Módulo 1 - Composição da Remuneração | L11: (%) | M11: Valor (R$)
B12: A | C12: Salário-Base | E12: =E6 -> 1730.75 | F12: A | G12: Salário-Base | I12: =I6 -> 1730.75 | J12: A | K12: Salário-Base | M12: =M6 -> 1730.75
B13: B | C13: Adicional de Periculosidade | E13: =$E$12*D13 -> 0 | F13: B | G13: Adicional de Periculosidade | I13: =$E$12*H13 -> 0 | J13: B | K13: Adicional de Periculosidade | M13: =$E$12*L13 -> 0
B14: C | C14: Adicional de Insalubridade | D14: 0.2 | E14: =$E$12*D14 -> 346.15 | F14: C | G14: Adicional de Insalubridade | H14: 0.2 | I14: =$E$12*H14 -> 346.15 | J14: C | K14: Adicional de Insalubridade | L14: 0.2 | M14: =$E$12*L14 -> 346.15
B15: D | C15: Outros (especificar) | E15: =$E$12*D15 -> 0 | F15: D | G15: Outros (especificar) | I15: =$E$12*H15 -> 0 | J15: D | K15: Outros (especificar) | M15: =$E$12*L15 -> 0
B16: Total | E16: =SUM(E12:E15) -> 2076.9 | F16: Total | I16: =SUM(I12:I15) -> 2076.9 | J16: Total | M16: =SUM(M12:M15) -> 2076.9
B18: Módulo 2 - Encargos e Benefícios Anuais, Mensais e Diários | F18: Módulo 2 - Encargos e Benefícios Anuais, Mensais e Diários | J18: Módulo 2 - Encargos e Benefícios Anuais, Mensais e Diários
B19: Submódulo 2.1 - 13º (décimo terceiro) Sal ário, Férias e Adicional de Férias | F19: Submódulo 2.1 - 13º (décimo terceiro) Sal ário, Férias e Adicional de Férias | J19: Submódulo 2.1 - 13º (décimo terceiro) Sal ário, Férias e Adicional de Férias
B20: 2.1 | C20: 13º (décimo terceiro) Salário, Férias e Adicional de Férias | D20: (%) | E20: Valor (R$) | F20: 2.1 | G20: 13º (décimo terceiro) Salário, Férias e Adicional de Férias | H20: (%) | I20: Valor (R$) | J20: 2.1 | K20: 13º (décimo terceiro) Salário, Férias e Adicional de Férias | L20: (%) | M20: Valor (R$)
B21: A | C21: 13º (décimo terceiro) Salário | D21: 0.0833 | E21: =$E$16*D21 -> 173.00577 | F21: A | G21: 13º (décimo terceiro) Salário | H21: 0.0833 | I21: =$E$16*H21 -> 173.00577 | J21: A | K21: 13º (décimo terceiro) Salário | L21: 0.0833 | M21: =$E$16*L21 -> 173.00577
B22: B | C22: Férias | D22: 0.0833 | E22: =$E$16*D22 -> 173.00577 | F22: B | G22: Férias | H22: 0.0833 | I22: =$E$16*H22 -> 173.00577 | J22: B | K22: Férias | L22: 0.0833 | M22: =$E$16*L22 -> 173.00577
B23: C | C23: Adicional de Férias | D23: 0.0278 | E23: =$E$16*D23 -> 57.73782 | F23: C | G23: Adicional de Férias | H23: 0.0278 | I23: =$E$16*H23 -> 57.73782 | J23: C | K23: Adicional de Férias | L23: 0.0278 | M23: =$E$16*L23 -> 57.73782
B24: Total | E24: =SUM(E21:E23) -> 403.74936 | F24: Total | I24: =SUM(I21:I23) -> 403.74936 | J24: Total | M24: =SUM(M21:M23) -> 403.74936
B25: 2.2 | C25: GPS, FGTS e outras contribuições | D25: (%) | E25: Valor (R$) | F25: 2.2 | G25: GPS, FGTS e outras contribuições | H25: (%) | I25: Valor (R$) | J25: 2.2 | K25: GPS, FGTS e outras contribuições | L25: (%) | M25: Valor (R$)
B26: A | C26: INSS | D26: 0.2 | E26: =($E$24+$E$16)*$D$26 -> 496.12987 | F26: A | G26: INSS | H26: 0.2 | I26: =($I$24+$I$16)*D26 -> 496.12987 | J26: A | K26: INSS | L26: 0.2 | M26: =($M$16+$M$24)*L26 -> 496.12987
B27: B | C27: Salário Educação | D27: 0.025 | E27: =($E$24+E16)*D27 -> 62.016234 | F27: B | G27: Salário Educação | H27: 0.025 | I27: =($I$24+$I$16)*D27 -> 62.016234 | J27: B | K27: Salário Educação | L27: 0.025 | M27: =($M$16+$M$24)*L27 -> 62.016234
B28: C | C28: SAT | D28: 0.03 | E28: =($E$24+E16)*$D$28 -> 74.419481 | F28: C | G28: SAT | H28: 0.03 | I28: =($I$24+$I$16)*D28 -> 74.419481 | J28: C | K28: SAT | L28: 0.03 | M28: =($M$16+$M$24)*L28 -> 74.419481
B29: D | C29: SESC ou SESI | D29: 0.015 | E29: =($E$24+E16)*$D$29 -> 37.20974 | F29: D | G29: SESC ou SESI | H29: 0.015 | I29: =($I$24+$I$16)*D29 -> 37.20974 | J29: D | K29: SESC ou SESI | L29: 0.015 | M29: =($M$16+$M$24)*L29 -> 37.20974
B30: E | C30: SENAI - SENAC | D30: 0.01 | E30: =($E$24+E16)*$D$30 -> 24.806494 | F30: E | G30: SENAI - SENAC | H30: 0.01 | I30: =($I$24+$I$16)*D30 -> 24.806494 | J30: E | K30: SENAI - SENAC | L30: 0.01 | M30: =($M$16+$M$24)*L30 -> 24.806494
B31: F | C31: SEBRAE | D31: 0.006 | E31: =($E$24+E16)*$D$31 -> 14.883896 | F31: F | G31: SEBRAE | H31: 0.006 | I31: =($I$24+$I$16)*D31 -> 14.883896 | J31: F | K31: SEBRAE | L31: 0.006 | M31: =($M$16+$M$24)*L31 -> 14.883896
B32: G | C32: INCRA | D32: 0.002 | E32: =($E$24+E16)*$D$32 -> 4.9612987 | F32: G | G32: INCRA | H32: 0.002 | I32: =($I$24+$I$16)*D32 -> 4.9612987 | J32: G | K32: INCRA | L32: 0.002 | M32: =($M$16+$M$24)*L32 -> 4.9612987
B33: H | C33: FGTS | D33: 0.08 | E33: =($E$24+$E$16)*D33 -> 198.45195 | F33: H | G33: FGTS | H33: 0.08 | I33: =($I$24+$I$16)*D33 -> 198.45195 | J33: H | K33: FGTS | L33: 0.08 | M33: =($M$16+$M$24)*L33 -> 198.45195
B34: Total | D34: =SUM(D26:D33) -> 0.368 | E34: =SUM(E26:E33) -> 912.87896 | F34: Total | H34: =SUM(H26:H33) -> 0.368 | I34: =($I$24+$I$16)*D34 -> 912.87896 | J34: Total | L34: =SUM(L26:L33) -> 0.368 | M34: =SUM(M26:M33) -> 912.87896
B35: Nota: Os percentuais dos encargos previdenciários, do FGTS e demais contribuições são aqueles estabelecidos pela legislação vigente. | F35: Nota: Os percentuais dos encargos previdenciários, do FGTS e demais contribuições são aqueles estabelecidos pela legislação vigente. | J35: Nota: Os percentuais dos encargos previdenciários, do FGTS e demais contribuições são aqueles estabelecidos pela legislação vigente.
B36: Submódulo 2.3 - Benefícios Mensais e Diários. | F36: Submódulo 2.3 - Benefícios Mensais e Diários. | J36: Submódulo 2.3 - Benefícios Mensais e Diários.
B37: 2.3 | C37: Benefícios Mensais e Diários | E37: Valor (R$) | F37: 2.3 | G37: Benefícios Mensais e Diários | I37: Valor (R$) | J37: 2.3 | K37: Benefícios Mensais e Diários | M37: Valor (R$)
B38: A | C38: Transporte | D38: 4.7 | E38: =D38*2*26-(E12*6%) -> 140.555 | F38: A | G38: Transporte | H38: 4.7 | I38: =H38*2*26-(I12*6%) -> 140.555 | J38: A | K38: Transporte | L38: 4.7 | M38: =L38*2*26-(M12*6%) -> 140.555
B39: B | C39: Auxílio-Refeição/Alimentação | D39: 25 | E39: =D39*22-(D39*22*10%) -> 495 | F39: B | G39: Auxílio-Refeição/Alimentação | H39: 25 | I39: =H39*22-(H39*22*10%) -> 495 | J39: B | K39: Auxílio-Refeição/Alimentação | L39: 25 | M39: =L39*22-(L39*22*10%) -> 495
B40: C | C40: Benefício Social e Familiar | E40: 21.6 | F40: C | G40: Benefício Social e Familiar | I40: 21.6 | J40: C | K40: Benefício Social e Familiar | M40: 21.6
B41: D | C41: Outros (especificar) | F41: D | G41: Outros (especificar) | J41: D | K41: Outros (especificar)
B42: Total | E42: =SUM(E38,E39,E40) -> 657.155 | F42: Total | I42: =SUM(I38,I39,I40) -> 657.155 | J42: Total | M42: =SUM(M38,M39,M40) -> 657.155
B43: Quadro-Resumo do Módulo 2 - Encargos e Benefícios anuais, mensais e diários | F43: Quadro-Resumo do Módulo 2 - Encargos e Benefícios anuais, mensais e diários | J43: Quadro-Resumo do Módulo 2 - Encargos e Benefícios anuais, mensais e diários
B44: 2 | C44: Encargos e Benefícios Anuais, Mensais e Diários | E44: Valor (R$) | F44: 2 | G44: Encargos e Benefícios Anuais, Mensais e Diários | I44: Valor (R$) | J44: 2 | K44: Encargos e Benefícios Anuais, Mensais e Diários | M44: Valor (R$)
B45: 2.1 | C45: 13º (décimo terceiro) Salário, Férias e Adicional de Férias | E45: =E24 -> 403.74936 | F45: 2.1 | G45: 13º (décimo terceiro) Salário, Férias e Adicional de Férias | I45: =I24 -> 403.74936 | J45: 2.1 | K45: 13º (décimo terceiro) Salário, Férias e Adicional de Férias | M45: =M24 -> 403.74936
B46: 2.2 | C46: GPS, FGTS e outras contribuições | E46: =E34 -> 912.87896 | F46: 2.2 | G46: GPS, FGTS e outras contribuições | I46: =I34 -> 912.87896 | J46: 2.2 | K46: GPS, FGTS e outras contribuições | M46: =M34 -> 912.87896
B47: 2.3 | C47: Benefícios Mensais e Diários | E47: =E42 -> 657.155 | F47: 2.3 | G47: Benefícios Mensais e Diários | I47: =I42 -> 657.155 | J47: 2.3 | K47: Benefícios Mensais e Diários | M47: =M42 -> 657.155
B48: Total | E48: =SUM(E45:E47) -> 1973.7833 | F48: Total | I48: =SUM(I45:I47) -> 1973.7833 | J48: Total | M48: =SUM(M45:M47) -> 1973.7833
B50: Módulo 3 - Provisão para Rescisão | D50: (%) | E50: Valor (R$) | F50: Módulo 3 - Provisão para Rescisão | H50: (%) | I50: Valor (R$) | J50: Módulo 3 - Provisão para Rescisão | L50: (%) | M50: Valor (R$)
B51: 3 | C51: Provisão para Rescisão | D51: (%) | E51: Valor (R$) | F51: 3 | G51: Provisão para Rescisão | H51: (%) | I51: Valor (R$) | J51: 3 | K51: Provisão para Rescisão | L51: (%) | M51: Valor (R$)
B52: A | C52: Aviso Prévio Indenizado | D52: =5%/12 -> 0.0041666667 | E52: =($E$16+$E$24)*D52 -> 10.336039 | F52: A | G52: Aviso Prévio Indenizado | H52: =5%/12 -> 0.0041666667 | I52: =($I$16+$I$24)*H52 -> 10.336039 | J52: A | K52: Aviso Prévio Indenizado | L52: =5%/12 -> 0.0041666667 | M52: =($M$16+$M$24)*L52 -> 10.336039
B53: B | C53: Incidência do FGTS sobre o Aviso Prévio Indenizado | D53: =D52*D33 -> 0.00033333333 | E53: =($E$16+$E$24)*D53 -> 0.82688312 | F53: B | G53: Incidência do FGTS sobre o Aviso Prévio Indenizado | H53: =H52*H33 -> 0.00033333333 | I53: =($I$16+$I$24)*H53 -> 0.82688312 | J53: B | K53: Incidência do FGTS sobre o Aviso Prévio Indenizado | L53: =L52*L33 -> 0.00033333333 | M53: =($M$16+$M$24)*L53 -> 0.82688312
B54: C | C54: Multa do FGTS no Aviso Prévio Indenizado | D54: =(1+2/12+(1/3*1/12))*0.08*0.4*0.05 -> 0.0019111111 | E54: =(E16+E24)*D54 -> 4.7407966 | F54: C | G54: Multa do FGTS no Aviso Prévio Indenizado | H54: =(1+2/12+(1/3*1/12))*0.08*0.4*0.05 -> 0.0019111111 | I54: =(I16+I24)*H54 -> 4.7407966 | J54: C | K54: Multa do FGTS no Aviso Prévio Indenizado | L54: =(1+2/12+(1/3*1/12))*0.08*0.4*0.05 -> 0.0019111111 | M54: =(M16+M24)*L54 -> 4.7407966
B55: D | C55: Aviso Prévio Trabalhado | D55: =7/30/12 -> 0.019444444 | E55: =($E$16+$E$24)*D55 -> 48.234849 | F55: D | G55: Aviso Prévio Trabalhado | H55: =7/30/12 -> 0.019444444 | I55: =($I$16+$I$24)*H55 -> 48.234849 | J55: D | K55: Aviso Prévio Trabalhado | L55: =7/30/12 -> 0.019444444 | M55: =($M$16+$M$24)*L55 -> 48.234849
B56: E | C56: Incidência de GPS, FGTS e outras contribuições sobre o APT | D56: =D55*D34 -> 0.0071555556 | E56: =($E$16+$E$24)*D56 -> 17.750424 | F56: E | G56: Incidência de GPS, FGTS e outras contribuições sobre o APT | H56: =H55*H34 -> 0.0071555556 | I56: =($I$16+$I$24)*H56 -> 17.750424 | J56: E | K56: Incidência de GPS, FGTS e outras contribuições sobre o APT | L56: =L55*L34 -> 0.0071555556 | M56: =($M$16+$M$24)*L56 -> 17.750424
B57: F | C57: Multa do FGTS sobre o APT | D57: =100%*8%*40%*(1+1/12*1/3+1/12) -> 0.035555556 | E57: =($E$16+$E$24)*D57 -> 88.200866 | F57: F | G57: Multa do FGTS sobre o APT | H57: =100%*8%*40%*(1+1/12*1/3+1/12) -> 0.035555556 | I57: =($I$16+$I$24)*H57 -> 88.200866 | J57: F | K57: Multa do FGTS sobre o APT | L57: =100%*8%*40%*(1+1/12*1/3+1/12) -> 0.035555556 | M57: =($M$16+$M$24)*L57 -> 88.200866
B58: Total | E58: =SUM(E52:E57) -> 170.08986 | F58: Total | I58: =SUM(I52:I57) -> 170.08986 | J58: Total | M58: =SUM(M52:M57) -> 170.08986
B60: Módulo 4 - Custo de Reposição do Profissional Ausente | F60: Módulo 4 - Custo de Reposição do Profissional Ausente | J60: Módulo 4 - Custo de Reposição do Profissional Ausente
B61: Submódulo 4.1 - Ausências Legais | F61: Submódulo 4.1 - Ausências Legais | J61: Submódulo 4.1 - Ausências Legais
B62: 4.1 | C62: Ausências Legais | D62: Dias de Reposição | E62: Valor (R$) | F62: 4.1 | G62: Ausências Legais | H62: Dias de Reposição | I62: Valor (R$) | J62: 4.1 | K62: Ausências Legais | L62: Dias de Reposição | M62: Valor (R$)
B63: A | C63: Substituto na cobertura de Férias (Décimo Terceiro Salário do Substituto) | D63: =(1/12+1/12+1/12/3)/12 -> 0.016203704 | E63: =(E16+E34)*D63 -> 48.445492 | F63: A | G63: Substituto na cobertura de Férias (Décimo Terceiro Salário do Substituto) | H63: =(1/12+1/12+1/12/3)/12 -> 0.016203704 | I63: =(I16+I34)*H63 -> 48.445492 | J63: A | K63: Substituto na cobertura de Férias (Décimo Terceiro Salário do Substituto) | L63: =(1/12+1/12+1/12/3)/12 -> 0.016203704 | M63: =(M16+M34)*L63 -> 48.445492
B64: B | C64: Substituto na cobertura de Ausências Legais | D64: =(1/30/12) -> 0.0027777778 | E64: =E16*D64 -> 5.7691667 | F64: B | G64: Substituto na cobertura de Ausências Legais | H64: =(1/30/12) -> 0.0027777778 | I64: =I16*H64 -> 5.7691667 | J64: B | K64: Substituto na cobertura de Ausências Legais | L64: =(1/30/12) -> 0.0027777778 | M64: =M16*L64 -> 5.7691667
B65: C | C65: Substituto na cobertura de Licença Paternidade | D65: =(5/30/12)*0.015 -> 0.00020833333 | E65: =E16*D65 -> 0.4326875 | F65: C | G65: Substituto na cobertura de Licença Paternidade | H65: =(5/30/12)*0.015 -> 0.00020833333 | I65: =I16*H65 -> 0.4326875 | J65: C | K65: Substituto na cobertura de Licença Paternidade | L65: =(5/30/12)*0.015 -> 0.00020833333 | M65: =M16*L65 -> 0.4326875
B66: D | C66: Substituto na cobertura de Ausência por Acidente de Trabalho | D66: =(1/12)*0.0178 -> 0.0014833333 | E66: =E16*D66 -> 3.080735 | F66: D | G66: Substituto na cobertura de Ausência por Acidente de Trabalho | H66: =(1/12)*0.0178 -> 0.0014833333 | I66: =I16*H66 -> 3.080735 | J66: D | K66: Substituto na cobertura de Ausência por Acidente de Trabalho | L66: =(1/12)*0.0178 -> 0.0014833333 | M66: =M16*L66 -> 3.080735
B67: E | C67: Substituto na cobertura de Afastamento Maternidade | D67: =11.11%*5.28%*50% -> 0.00293304 | E67: =(E16+(1/12+1/12/3)/12+E34)*D67 -> 8.7691685 | F67: E | G67: Substituto na cobertura de Afastamento Maternidade | H67: =11.11%*5.28%*50% -> 0.00293304 | I67: =(I16+(1/12+1/12/3)/12+I34)*H67 -> 8.7691685 | J67: E | K67: Substituto na cobertura de Afastamento Maternidade | L67: =11.11%*5.28%*50% -> 0.00293304 | M67: =(M16+(1/12+1/12/3)/12+M34)*L67 -> 8.7691685
B68: F | C68: outra substituição (especificar) | F68: F | G68: outra substituição (especificar) | J68: F | K68: outra substituição (especificar)
B69: G | C69: Subtotal | D69: =SUM(D63:D68) -> 0.023606188 | F69: G | G69: Subtotal | H69: =SUM(H63:H68) -> 0.023606188 | J69: G | K69: Subtotal | L69: =SUM(L63:L68) -> 0.023606188
B70: Total | E70: =SUM(E63:E69) -> 66.49725 | F70: Total | I70: =SUM(I63:I69) -> 66.49725 | J70: Total | M70: =SUM(M63:M69) -> 66.49725
B71: Submódulo 4.2 - Intrajornada | F71: Submódulo 4.2 - Intrajornada | J71: Submódulo 4.2 - Intrajornada
B72: 4.2 | C72: Intrajornada | D72: Valor R$ | F72: 4.2 | G72: Intrajornada | H72: Valor R$ | J72: 4.2 | K72: Intrajornada | L72: Valor R$
B73: A | C73: Intervalo para repouso ou alimentação | E73: 0 | F73: A | G73: Intervalo para repouso ou alimentação | I73: 0 | J73: A | K73: Intervalo para repouso ou alimentação | M73: 0
B74: Total | F74: Total | J74: Total
B75: Quadro-Resumo do Módulo 4 - Custo de Reposição do Profissional Ausente | F75: Quadro-Resumo do Módulo 4 - Custo de Reposição do Profissional Ausente | J75: Quadro-Resumo do Módulo 4 - Custo de Reposição do Profissional Ausente
B76: 4 | C76: Custo de Reposição do Profissional Ausente | E76: Valor R$ | F76: 4 | G76: Custo de Reposição do Profissional Ausente | I76: Valor R$ | J76: 4 | K76: Custo de Reposição do Profissional Ausente | M76: Valor R$
B77: 4.1 | C77: Ausências Legais | E77: =E70 -> 66.49725 | F77: 4.1 | G77: Ausências Legais | I77: =I70 -> 66.49725 | J77: 4.1 | K77: Ausências Legais | M77: =M70 -> 66.49725
B78: 4.2 | C78: Intrajornada | E78: =E73 -> 0 | F78: 4.2 | G78: Intrajornada | I78: =I73 -> 0 | J78: 4.2 | K78: Intrajornada | M78: =M73 -> 0
B79: Total | E79: =SUM(E77:E78) -> 66.49725 | F79: Total | I79: =SUM(I77:I78) -> 66.49725 | J79: Total | M79: =SUM(M77:M78) -> 66.49725
B81: Módulo 5 - Insumos Diversos | E81: Valor (R$) | F81: Módulo 5 - Insumos Diversos | I81: Valor (R$) | J81: Módulo 5 - Insumos Diversos | M81: Valor (R$)
B82: A | C82: Uniformes e EPIs | E82: ='Uniformes e EPIs'!H15 -> 23.373611 | F82: A | G82: Uniformes e EPIs | I82: ='Uniformes e EPIs'!H15 -> 23.373611 | J82: A | K82: Uniformes e EPIs | M82: ='Uniformes e EPIs'!H15 -> 23.373611
B83: B | C83: Insumos de materiais | E83: =Insumos!H61 -> 571.13908 | F83: B | G83: Insumos de materiais | I83: =Insumos!P61 -> 542.37626 | J83: B | K83: Insumos de materiais | M83: =Insumos!X61 -> 709.03062
B84: C | C84: Depreciação de Equipamentos | E84: =Equipamentos!G9 -> 14.387847 | F84: C | G84: Depreciação de Equipamentos | I84: =Equipamentos!G16 -> 15.234191 | J84: C | K84: Depreciação de Equipamentos | M84: =Equipamentos!G23 -> 19.921634
B85: Total | E85: =SUM(E82:E84) -> 608.90054 | F85: Total | I85: =SUM(I82:I84) -> 580.98406 | J85: Total | M85: =SUM(M82:M84) -> 752.32587
B86: TOTAL DOS CUSTOS DIRETOS | E86: =E85+E79+E58+E48+E16 -> 4896.171 | F86: TOTAL DOS CUSTOS DIRETOS | I86: =I85+I79+I58+I48+I16 -> 4868.2545 | J86: TOTAL DOS CUSTOS DIRETOS | M86: =M85+M79+M58+M48+M16 -> 5039.5963
B88: Módulo 6 - Custos Indiretos, Tributos e Lucro | D88: (%) | E88: Valor (R$) | F88: Módulo 6 - Custos Indiretos, Tributos e Lucro | H88: (%) | I88: Valor (R$) | J88: Módulo 6 - Custos Indiretos, Tributos e Lucro | L88: (%) | M88: Valor (R$)
B89: A | C89: Custos Indiretos | D89: 0.05 | E89: =E86*$D$89 -> 244.80855 | F89: A | G89: Custos Indiretos | H89: 0.05 | I89: =I86*$H$89 -> 243.41272 | J89: A | K89: Custos Indiretos | L89: 0.05 | M89: =M86*$L$89 -> 251.97981
B90: B | C90: Lucro | D90: 0.1 | E90: =(E86+E89)*$D$90 -> 514.09795 | F90: B | G90: Lucro | H90: 0.1 | I90: =(I86+I89)*$H$90 -> 511.16672 | J90: B | K90: Lucro | L90: 0.1 | M90: =(M86+M89)*$L$90 -> 529.15761
B91: C | C91: Tributos | D91: =SUM(D92:D94) -> 0.1425 | F91: C | G91: Tributos | H91: =SUM(H92:H94) -> 0.1425 | J91: C | K91: Tributos | L91: =SUM(L92:L94) -> 0.1425
C92: PIS | D92: 0.0165 | E92: =(E86+E89+E90)/(1-$D$91)*$D$92 -> 108.8149 | G92: PIS | H92: 0.0165 | I92: =(I86+I89+I90)/(1-$H$91)*$H$92 -> 108.19447 | K92: PIS | L92: 0.0165 | M92: =(M86+M89+M90)/(1-$L$91)*$L$92 -> 112.00246
C93: COFINS | D93: 0.076 | E93: =(E86+E89+E90)/(1-$D$91)*$D$93 -> 501.20803 | G93: COFINS | H93: 0.076 | I93: =(I86+I89+I90)/(1-$H$91)*$H$93 -> 498.3503 | K93: COFINS | L93: 0.076 | M93: =(M86+M89+M90)/(1-$L$91)*$L$93 -> 515.8901
C94: ISS | D94: 0.05 | E94: =(E86+E89+E90)/(1-$D$91)*$D$94 -> 329.74213 | G94: ISS | H94: 0.05 | I94: =(I86+I89+I90)/(1-$H$91)*$H$94 -> 327.86204 | K94: ISS | L94: 0.05 | M94: =(M86+M89+M90)/(1-$L$91)*$L$94 -> 339.40138
B95: Total | E95: =SUM(E89:E94) -> 1698.6716 | F95: Total | I95: =SUM(I89:I94) -> 1688.9863 | J95: Total | M95: =SUM(M89:M94) -> 1748.4314
B98: RESUMO DO CUSTO POR EMPREGADO | F98: RESUMO DO CUSTO POR EMPREGADO | J98: RESUMO DO CUSTO POR EMPREGADO
B99: Resumo do Custo por Empregado - Mão de obra vinculada à execução contratual | E99: Valor (R$) | F99: Resumo do Custo por Empregado - Mão de obra vinculada à execução contratual | I99: Valor (R$) | J99: Resumo do Custo por Empregado - Mão de obra vinculada à execução contratual | M99: Valor (R$)
B100: A | C100: Módulo 1 - Composição da Remuneração | E100: =E16 -> 2076.9 | F100: A | G100: Módulo 1 - Composição da Remuneração | I100: =I16 -> 2076.9 | J100: A | K100: Módulo 1 - Composição da Remuneração | M100: =M16 -> 2076.9
B101: B | C101: Módulo 2 - Encargos e Benefícios Anuais, Mensais e Diários | E101: =E48 -> 1973.7833 | F101: B | G101: Módulo 2 - Encargos e Benefícios Anuais, Mensais e Diários | I101: =I48 -> 1973.7833 | J101: B | K101: Módulo 2 - Encargos e Benefícios Anuais, Mensais e Diários | M101: =M48 -> 1973.7833
B102: C | C102: Módulo 3 - Provisão para Rescisão | E102: =E58 -> 170.08986 | F102: C | G102: Módulo 3 - Provisão para Rescisão | I102: =I58 -> 170.08986 | J102: C | K102: Módulo 3 - Provisão para Rescisão | M102: =M58 -> 170.08986
B103: D | C103: Módulo 4 - Custo de Reposição do Profissional Ausente | E103: =E70 -> 66.49725 | F103: D | G103: Módulo 4 - Custo de Reposição do Profissional Ausente | I103: =I70 -> 66.49725 | J103: D | K103: Módulo 4 - Custo de Reposição do Profissional Ausente | M103: =M70 -> 66.49725
B104: E | C104: Módulo 5 - Insumos Diversos | E104: =E85 -> 608.90054 | F104: E | G104: Módulo 5 - Insumos Diversos | I104: =I85 -> 580.98406 | J104: E | K104: Módulo 5 - Insumos Diversos | M104: =M85 -> 752.32587
B105: Subtotal (A + B +C+ D+E) | E105: =SUM(E100:E104) -> 4896.171 | F105: Subtotal (A + B +C+ D+E) | I105: =SUM(I100:I104) -> 4868.2545 | J105: Subtotal (A + B +C+ D+E) | M105: =SUM(M100:M104) -> 5039.5963
B106: F | C106: Módulo 6 – Custos Indiretos, Tributos e Lucro | E106: =E95 -> 1698.6716 | F106: F | G106: Módulo 6 – Custos Indiretos, Tributos e Lucro | I106: =I95 -> 1688.9863 | J106: F | K106: Módulo 6 – Custos Indiretos, Tributos e Lucro | M106: =M95 -> 1748.4314
B107: Valor Total por empregado com 20% de insalubridade | E107: =SUM(E105,E106) -> 6594.8425 | F107: Valor Total por empregado com 20% de insalubridade | I107: =SUM(I105,I106) -> 6557.2407 | J107: Valor Total por empregado com 20% de insalubridade | M107: =SUM(M105,M106) -> 6788.0277

Sheet 44H+40%
B1: PLANILHA DE CUSTOS E FORMAÇÃO DE PREÇO | D1: ='44H'!D1 -> LOTE 1 | F1: PLANILHA DE CUSTOS E FORMAÇÃO DE PREÇO | H1: ='44H'!H1 -> LOTE 2 | J1: PLANILHA DE CUSTOS E FORMAÇÃO DE PREÇO | L1: ='44H'!L1 -> LOTE 3
B2: Nº do Processo: SEI-360018/000729/2025 | F2: Nº do Processo: SEI-360018/000729/2025 | J2: Nº do Processo: SEI-360018/000729/2025
B4: Dados complementares para composição dos custos referente à mão-de-obra | F4: Dados complementares para composição dos custos referente à mão-de-obra | J4: Dados complementares para composição dos custos referente à mão-de-obra
B5: 1 | C5: Tipo de serviço (mesmo serviço com características distintas) | E5: Servente 44h com insalubridade 40% | F5: 1 | G5: Tipo de serviço (mesmo serviço com características distintas) | I5: Servente 44h com insalubridade 40% | J5: 1 | K5: Tipo de serviço (mesmo serviço com características distintas) | M5: Servente 44h com insalubridade 40%
B6: 2 | C6: Salário Normativo da Categoria Profissional | E6: 1730.75 | F6: 2 | G6: Salário Normativo da Categoria Profissional | I6: 1730.75 | J6: 2 | K6: Salário Normativo da Categoria Profissional | M6: 1730.75
B7: 3 | C7: Categoria profissional (vinculada à execução contratual) | E7: ASG ins 40% | F7: 3 | G7: Categoria profissional (vinculada à execução contratual) | I7: ASG ins 40% | J7: 3 | K7: Categoria profissional (vinculada à execução contratual) | M7: ASG ins 40%
B8: 4 | C8: Data base da categoria (dia/mês/ano) | E8: 45775 | F8: 4 | G8: Data base da categoria (dia/mês/ano) | I8: 45775 | J8: 4 | K8: Data base da categoria (dia/mês/ano) | M8: 45775
B9: 5 | C9: Número de meses de execução contratual: | E9: 30 | F9: 5 | G9: Número de meses de execução contratual: | I9: 30 | J9: 5 | K9: Número de meses de execução contratual: | M9: 30
B11: Módulo 1 - Composição da Remuneração | D11: (%) | E11: Valor (R$) | F11: Módulo 1 - Composição da Remuneração | H11: (%) | I11: Valor (R$) | J11: Módulo 1 - Composição da Remuneração | L11: (%) | M11: Valor (R$)
B12: A | C12: Salário-Base | E12: =E6 -> 1730.75 | F12: A | G12: Salário-Base | I12: =I6 -> 1730.75 | J12: A | K12: Salário-Base | M12: =M6 -> 1730.75
B13: B | C13: Adicional de Periculosidade | E13: =$E$12*D13 -> 0 | F13: B | G13: Adicional de Periculosidade | I13: =$E$12*H13 -> 0 | J13: B | K13: Adicional de Periculosidade | M13: =$E$12*L13 -> 0
B14: C | C14: Adicional de Insalubridade | D14: 0.4 | E14: =$E$12*D14 -> 692.3 | F14: C | G14: Adicional de Insalubridade | H14: 0.4 | I14: =$E$12*H14 -> 692.3 | J14: C | K14: Adicional de Insalubridade | L14: 0.4 | M14: =$E$12*L14 -> 692.3
B15: D | C15: Outros (especificar) | E15: =$E$12*D15 -> 0 | F15: D | G15: Outros (especificar) | I15: =$E$12*H15 -> 0 | J15: D | K15: Outros (especificar) | M15: =$E$12*L15 -> 0
B16: Total | E16: =SUM(E12:E15) -> 2423.05 | F16: Total | I16: =SUM(I12:I15) -> 2423.05 | J16: Total | M16: =SUM(M12:M15) -> 2423.05
B18: Módulo 2 - Encargos e Benefícios Anuais, Mensais e Diários | F18: Módulo 2 - Encargos e Benefícios Anuais, Mensais e Diários | J18: Módulo 2 - Encargos e Benefícios Anuais, Mensais e Diários
B19: Submódulo 2.1 - 13º (décimo terceiro) Sal ário, Férias e Adicional de Férias | F19: Submódulo 2.1 - 13º (décimo terceiro) Sal ário, Férias e Adicional de Férias | J19: Submódulo 2.1 - 13º (décimo terceiro) Sal ário, Férias e Adicional de Férias
B20: 2.1 | C20: 13º (décimo terceiro) Salário, Férias e Adicional de Férias | D20: (%) | E20: Valor (R$) | F20: 2.1 | G20: 13º (décimo terceiro) Salário, Férias e Adicional de Férias | H20: (%) | I20: Valor (R$) | J20: 2.1 | K20: 13º (décimo terceiro) Salário, Férias e Adicional de Férias | L20: (%) | M20: Valor (R$)
B21: A | C21: 13º (décimo terceiro) Salário | D21: 0.0833 | E21: =$E$16*D21 -> 201.84007 | F21: A | G21: 13º (décimo terceiro) Salário | H21: 0.0833 | I21: =$E$16*H21 -> 201.84007 | J21: A | K21: 13º (décimo terceiro) Salário | L21: 0.0833 | M21: =$E$16*L21 -> 201.84007
B22: B | C22: Férias | D22: 0.0833 | E22: =$E$16*D22 -> 201.84007 | F22: B | G22: Férias | H22: 0.0833 | I22: =$E$16*H22 -> 201.84007 | J22: B | K22: Férias | L22: 0.0833 | M22: =$E$16*L22 -> 201.84007
B23: C | C23: Adicional de Férias | D23: 0.0278 | E23: =$E$16*D23 -> 67.36079 | F23: C | G23: Adicional de Férias | H23: 0.0278 | I23: =$E$16*H23 -> 67.36079 | J23: C | K23: Adicional de Férias | L23: 0.0278 | M23: =$E$16*L23 -> 67.36079
B24: Total | E24: =SUM(E21:E23) -> 471.04092 | F24: Total | I24: =SUM(I21:I23) -> 471.04092 | J24: Total | M24: =SUM(M21:M23) -> 471.04092
B25: 2.2 | C25: GPS, FGTS e outras contribuições | D25: (%) | E25: Valor (R$) | F25: 2.2 | G25: GPS, FGTS e outras contribuições | H25: (%) | I25: Valor (R$) | J25: 2.2 | K25: GPS, FGTS e outras contribuições | L25: (%) | M25: Valor (R$)
B26: A | C26: INSS | D26: 0.2 | E26: =($E$24+$E$16)*$D$26 -> 578.81818 | F26: A | G26: INSS | H26: 0.2 | I26: =($I$24+$I$16)*D26 -> 578.81818 | J26: A | K26: INSS | L26: 0.2 | M26: =($M$16+$M$24)*L26 -> 578.81818
B27: B | C27: Salário Educação | D27: 0.025 | E27: =($E$24+E16)*D27 -> 72.352273 | F27: B | G27: Salário Educação | H27: 0.025 | I27: =($I$24+$I$16)*D27 -> 72.352273 | J27: B | K27: Salário Educação | L27: 0.025 | M27: =($M$16+$M$24)*L27 -> 72.352273
B28: C | C28: SAT | D28: 0.03 | E28: =($E$24+E16)*$D$28 -> 86.822728 | F28: C | G28: SAT | H28: 0.03 | I28: =($I$24+$I$16)*D28 -> 86.822728 | J28: C | K28: SAT | L28: 0.03 | M28: =($M$16+$M$24)*L28 -> 86.822728
B29: D | C29: SESC ou SESI | D29: 0.015 | E29: =($E$24+E16)*$D$29 -> 43.411364 | F29: D | G29: SESC ou SESI | H29: 0.015 | I29: =($I$24+$I$16)*D29 -> 43.411364 | J29: D | K29: SESC ou SESI | L29: 0.015 | M29: =($M$16+$M$24)*L29 -> 43.411364
B30: E | C30: SENAI - SENAC | D30: 0.01 | E30: =($E$24+E16)*$D$30 -> 28.940909 | F30: E | G30: SENAI - SENAC | H30: 0.01 | I30: =($I$24+$I$16)*D30 -> 28.940909 | J30: E | K30: SENAI - SENAC | L30: 0.01 | M30: =($M$16+$M$24)*L30 -> 28.940909
B31: F | C31: SEBRAE | D31: 0.006 | E31: =($E$24+E16)*$D$31 -> 17.364546 | F31: F | G31: SEBRAE | H31: 0.006 | I31: =($I$24+$I$16)*D31 -> 17.364546 | J31: F | K31: SEBRAE | L31: 0.006 | M31: =($M$16+$M$24)*L31 -> 17.364546
B32: G | C32: INCRA | D32: 0.002 | E32: =($E$24+E16)*$D$32 -> 5.7881818 | F32: G | G32: INCRA | H32: 0.002 | I32: =($I$24+$I$16)*D32 -> 5.7881818 | J32: G | K32: INCRA | L32: 0.002 | M32: =($M$16+$M$24)*L32 -> 5.7881818
B33: H | C33: FGTS | D33: 0.08 | E33: =($E$24+$E$16)*D33 -> 231.52727 | F33: H | G33: FGTS | H33: 0.08 | I33: =($I$24+$I$16)*D33 -> 231.52727 | J33: H | K33: FGTS | L33: 0.08 | M33: =($M$16+$M$24)*L33 -> 231.52727
B34: Total | D34: =SUM(D26:D33) -> 0.368 | E34: =SUM(E26:E33) -> 1065.0255 | F34: Total | H34: =SUM(H26:H33) -> 0.368 | I34: =($I$24+$I$16)*D34 -> 1065.0255 | J34: Total | L34: =SUM(L26:L33) -> 0.368 | M34: =SUM(M26:M33) -> 1065.0255
B35: Nota: Os percentuais dos encargos previdenciários, do FGTS e demais contribuições são aqueles estabelecidos pela legislação vigente. | F35: Nota: Os percentuais dos encargos previdenciários, do FGTS e demais contribuições são aqueles estabelecidos pela legislação vigente. | J35: Nota: Os percentuais dos encargos previdenciários, do FGTS e demais contribuições são aqueles estabelecidos pela legislação vigente.
B36: Submódulo 2.3 - Benefícios Mensais e Diários. | F36: Submódulo 2.3 - Benefícios Mensais e Diários. | J36: Submódulo 2.3 - Benefícios Mensais e Diários.
B37: 2.3 | C37: Benefícios Mensais e Diários | E37: Valor (R$) | F37: 2.3 | G37: Benefícios Mensais e Diários | I37: Valor (R$) | J37: 2.3 | K37: Benefícios Mensais e Diários | M37: Valor (R$)
B38: A | C38: Transporte | D38: 4.7 | E38: =D38*2*26-(E12*6%) -> 140.555 | F38: A | G38: Transporte | H38: 4.7 | I38: =H38*2*26-(I12*6%) -> 140.555 | J38: A | K38: Transporte | L38: 4.7 | M38: =L38*2*26-(M12*6%) -> 140.555
B39: B | C39: Auxílio-Refeição/Alimentação | D39: 25 | E39: =D39*22-(D39*22*10%) -> 495 | F39: B | G39: Auxílio-Refeição/Alimentação | H39: 25 | I39: =H39*22-(H39*22*10%) -> 495 | J39: B | K39: Auxílio-Refeição/Alimentação | L39: 25 | M39: =L39*22-(L39*22*10%) -> 495
B40: C | C40: Benefício Social e Familiar | E40: 21.6 | F40: C | G40: Benefício Social e Familiar | I40: 21.6 | J40: C | K40: Benefício Social e Familiar | M40: 21.6
B41: D | C41: Outros (especificar) | F41: D | G41: Outros (especificar) | J41: D | K41: Outros (especificar)
B42: Total | E42: =SUM(E38,E39,E40) -> 657.155 | F42: Total | I42: =SUM(I38,I39,I40) -> 657.155 | J42: Total | M42: =SUM(M38,M39,M40) -> 657.155
B43: Quadro-Resumo do Módulo 2 - Encargos e Benefícios anuais, mensais e diários | F43: Quadro-Resumo do Módulo 2 - Encargos e Benefícios anuais, mensais e diários | J43: Quadro-Resumo do Módulo 2 - Encargos e Benefícios anuais, mensais e diários
B44: 2 | C44: Encargos e Benefícios Anuais, Mensais e Diários | E44: Valor (R$) | F44: 2 | G44: Encargos e Benefícios Anuais, Mensais e Diários | I44: Valor (R$) | J44: 2 | K44: Encargos e Benefícios Anuais, Mensais e Diários | M44: Valor (R$)
B45: 2.1 | C45: 13º (décimo terceiro) Salário, Férias e Adicional de Férias | E45: =E24 -> 471.04092 | F45: 2.1 | G45: 13º (décimo terceiro) Salário, Férias e Adicional de Férias | I45: =I24 -> 471.04092 | J45: 2.1 | K45: 13º (décimo terceiro) Salário, Férias e Adicional de Férias | M45: =M24 -> 471.04092
B46: 2.2 | C46: GPS, FGTS e outras contribuições | E46: =E34 -> 1065.0255 | F46: 2.2 | G46: GPS, FGTS e outras contribuições | I46: =I34 -> 1065.0255 | J46: 2.2 | K46: GPS, FGTS e outras contribuições | M46: =M34 -> 1065.0255
B47: 2.3 | C47: Benefícios Mensais e Diários | E47: =E42 -> 657.155 | F47: 2.3 | G47: Benefícios Mensais e Diários | I47: =I42 -> 657.155 | J47: 2.3 | K47: Benefícios Mensais e Diários | M47: =M42 -> 657.155
B48: Total | E48: =SUM(E45:E47) -> 2193.2214 | F48: Total | I48: =SUM(I45:I47) -> 2193.2214 | J48: Total | M48: =SUM(M45:M47) -> 2193.2214
B50: Módulo 3 - Provisão para Rescisão | D50: (%) | E50: Valor (R$) | F50: Módulo 3 - Provisão para Rescisão | H50: (%) | I50: Valor (R$) | J50: Módulo 3 - Provisão para Rescisão | L50: (%) | M50: Valor (R$)
B51: 3 | C51: Provisão para Rescisão | D51: (%) | E51: Valor (R$) | F51: 3 | G51: Provisão para Rescisão | H51: (%) | I51: Valor (R$) | J51: 3 | K51: Provisão para Rescisão | L51: (%) | M51: Valor (R$)
B52: A | C52: Aviso Prévio Indenizado | D52: =5%/12 -> 0.0041666667 | E52: =($E$16+$E$24)*D52 -> 12.058712 | F52: A | G52: Aviso Prévio Indenizado | H52: =5%/12 -> 0.0041666667 | I52: =($I$16+$I$24)*H52 -> 12.058712 | J52: A | K52: Aviso Prévio Indenizado | L52: =5%/12 -> 0.0041666667 | M52: =($M$16+$M$24)*L52 -> 12.058712
B53: B | C53: Incidência do FGTS sobre o Aviso Prévio Indenizado | D53: =D52*D33 -> 0.00033333333 | E53: =($E$16+$E$24)*D53 -> 0.96469697 | F53: B | G53: Incidência do FGTS sobre o Aviso Prévio Indenizado | H53: =H52*H33 -> 0.00033333333 | I53: =($I$16+$I$24)*H53 -> 0.96469697 | J53: B | K53: Incidência do FGTS sobre o Aviso Prévio Indenizado | L53: =L52*L33 -> 0.00033333333 | M53: =($M$16+$M$24)*L53 -> 0.96469697
B54: C | C54: Multa do FGTS no Aviso Prévio Indenizado | D54: =(1+2/12+(1/3*1/12))*0.08*0.4*0.05 -> 0.0019111111 | E54: =(E16+E24)*D54 -> 5.5309293 | F54: C | G54: Multa do FGTS no Aviso Prévio Indenizado | H54: =(1+2/12+(1/3*1/12))*0.08*0.4*0.05 -> 0.0019111111 | I54: =(I16+I24)*H54 -> 5.5309293 | J54: C | K54: Multa do FGTS no Aviso Prévio Indenizado | L54: =(1+2/12+(1/3*1/12))*0.08*0.4*0.05 -> 0.0019111111 | M54: =(M16+M24)*L54 -> 5.5309293
B55: D | C55: Aviso Prévio Trabalhado | D55: =7/30/12 -> 0.019444444 | E55: =($E$16+$E$24)*D55 -> 56.27399 | F55: D | G55: Aviso Prévio Trabalhado | H55: =7/30/12 -> 0.019444444 | I55: =($I$16+$I$24)*H55 -> 56.27399 | J55: D | K55: Aviso Prévio Trabalhado | L55: =7/30/12 -> 0.019444444 | M55: =($M$16+$M$24)*L55 -> 56.27399
B56: E | C56: Incidência de GPS, FGTS e outras contribuições sobre o APT | D56: =D55*D34 -> 0.0071555556 | E56: =($E$16+$E$24)*D56 -> 20.708828 | F56: E | G56: Incidência de GPS, FGTS e outras contribuições sobre o APT | H56: =H55*H34 -> 0.0071555556 | I56: =($I$16+$I$24)*H56 -> 20.708828 | J56: E | K56: Incidência de GPS, FGTS e outras contribuições sobre o APT | L56: =L55*L34 -> 0.0071555556 | M56: =($M$16+$M$24)*L56 -> 20.708828
B57: F | C57: Multa do FGTS sobre o APT | D57: =100%*8%*40%*(1+1/12*1/3+1/12) -> 0.035555556 | E57: =($E$16+$E$24)*D57 -> 102.90101 | F57: F | G57: Multa do FGTS sobre o APT | H57: =100%*8%*40%*(1+1/12*1/3+1/12) -> 0.035555556 | I57: =($I$16+$I$24)*H57 -> 102.90101 | J57: F | K57: Multa do FGTS sobre o APT | L57: =100%*8%*40%*(1+1/12*1/3+1/12) -> 0.035555556 | M57: =($M$16+$M$24)*L57 -> 102.90101
B58: Total | E58: =SUM(E52:E57) -> 198.43817 | F58: Total | I58: =SUM(I52:I57) -> 198.43817 | J58: Total | M58: =SUM(M52:M57) -> 198.43817
B60: Módulo 4 - Custo de Reposição do Profissional Ausente | F60: Módulo 4 - Custo de Reposição do Profissional Ausente | J60: Módulo 4 - Custo de Reposição do Profissional Ausente
B61: Submódulo 4.1 - Ausências Legais | F61: Submódulo 4.1 - Ausências Legais | J61: Submódulo 4.1 - Ausências Legais
B62: 4.1 | C62: Ausências Legais | D62: Dias de Reposição | E62: Valor (R$) | F62: 4.1 | G62: Ausências Legais | H62: Dias de Reposição | I62: Valor (R$) | J62: 4.1 | K62: Ausências Legais | L62: Dias de Reposição | M62: Valor (R$)
B63: A | C63: Substituto na cobertura de Férias (Décimo Terceiro Salário do Substituto) | D63: =(1/12+1/12+1/12/3)/12 -> 0.016203704 | E63: =(E16+E34)*D63 -> 56.519741 | F63: A | G63: Substituto na cobertura de Férias (Décimo Terceiro Salário do Substituto) | H63: =(1/12+1/12+1/12/3)/12 -> 0.016203704 | I63: =(I16+I34)*H63 -> 56.519741 | J63: A | K63: Substituto na cobertura de Férias (Décimo Terceiro Salário do Substituto) | L63: =(1/12+1/12+1/12/3)/12 -> 0.016203704 | M63: =(M16+M34)*L63 -> 56.519741
B64: B | C64: Substituto na cobertura de Ausências Legais | D64: =(1/30/12) -> 0.0027777778 | E64: =E16*D64 -> 6.7306944 | F64: B | G64: Substituto na cobertura de Ausências Legais | H64: =(1/30/12) -> 0.0027777778 | I64: =I16*H64 -> 6.7306944 | J64: B | K64: Substituto na cobertura de Ausências Legais | L64: =(1/30/12) -> 0.0027777778 | M64: =M16*L64 -> 6.7306944
B65: C | C65: Substituto na cobertura de Licença Paternidade | D65: =(5/30/12)*0.015 -> 0.00020833333 | E65: =E16*D65 -> 0.50480208 | F65: C | G65: Substituto na cobertura de Licença Paternidade | H65: =(5/30/12)*0.015 -> 0.00020833333 | I65: =I16*H65 -> 0.50480208 | J65: C | K65: Substituto na cobertura de Licença Paternidade | L65: =(5/30/12)*0.015 -> 0.00020833333 | M65: =M16*L65 -> 0.50480208
B66: D | C66: Substituto na cobertura de Ausência por Acidente de Trabalho | D66: =(1/12)*0.0178 -> 0.0014833333 | E66: =E16*D66 -> 3.5941908 | F66: D | G66: Substituto na cobertura de Ausência por Acidente de Trabalho | H66: =(1/12)*0.0178 -> 0.0014833333 | I66: =I16*H66 -> 3.5941908 | J66: D | K66: Substituto na cobertura de Ausência por Acidente de Trabalho | L66: =(1/12)*0.0178 -> 0.0014833333 | M66: =M16*L66 -> 3.5941908
B67: E | C67: Substituto na cobertura de Afastamento Maternidade | D67: =11.11%*5.28%*50% -> 0.00293304 | E67: =(E16+(1/12+1/12/3)/12+E34)*D67 -> 10.230692 | F67: E | G67: Substituto na cobertura de Afastamento Maternidade | H67: =11.11%*5.28%*50% -> 0.00293304 | I67: =(I16+(1/12+1/12/3)/12+I34)*H67 -> 10.230692 | J67: E | K67: Substituto na cobertura de Afastamento Maternidade | L67: =11.11%*5.28%*50% -> 0.00293304 | M67: =(M16+(1/12+1/12/3)/12+M34)*L67 -> 10.230692
B68: F | C68: outra substituição (especificar) | F68: F | G68: outra substituição (especificar) | J68: F | K68: outra substituição (especificar)
B69: G | C69: Subtotal | D69: =SUM(D63:D68) -> 0.023606188 | F69: G | G69: Subtotal | H69: =SUM(H63:H68) -> 0.023606188 | J69: G | K69: Subtotal | L69: =SUM(L63:L68) -> 0.023606188
B70: Total | E70: =SUM(E63:E69) -> 77.580121 | F70: Total | I70: =SUM(I63:I69) -> 77.580121 | J70: Total | M70: =SUM(M63:M69) -> 77.580121
B71: Submódulo 4.2 - Intrajornada | F71: Submódulo 4.2 - Intrajornada | J71: Submódulo 4.2 - Intrajornada
B72: 4.2 | C72: Intrajornada | D72: Valor R$ | F72: 4.2 | G72: Intrajornada | H72: Valor R$ | J72: 4.2 | K72: Intrajornada | L72: Valor R$
B73: A | C73: Intervalo para repouso ou alimentação | E73: 0 | F73: A | G73: Intervalo para repouso ou alimentação | I73: 0 | J73: A | K73: Intervalo para repouso ou alimentação | M73: 0
B74: Total | F74: Total | J74: Total
B75: Quadro-Resumo do Módulo 4 - Custo de Reposição do Profissional Ausente | F75: Quadro-Resumo do Módulo 4 - Custo de Reposição do Profissional Ausente | J75: Quadro-Resumo do Módulo 4 - Custo de Reposição do Profissional Ausente
B76: 4 | C76: Custo de Reposição do Profissional Ausente | E76: Valor R$ | F76: 4 | G76: Custo de Reposição do Profissional Ausente | I76: Valor R$ | J76: 4 | K76: Custo de Reposição do Profissional Ausente | M76: Valor R$
B77: 4.1 | C77: Ausências Legais | E77: =E70 -> 77.580121 | F77: 4.1 | G77: Ausências Legais | I77: =I70 -> 77.580121 | J77: 4.1 | K77: Ausências Legais | M77: =M70 -> 77.580121
B78: 4.2 | C78: Intrajornada | E78: =E73 -> 0 | F78: 4.2 | G78: Intrajornada | I78: =I73 -> 0 | J78: 4.2 | K78: Intrajornada | M78: =M73 -> 0
B79: Total | E79: =SUM(E77:E78) -> 77.580121 | F79: Total | I79: =SUM(I77:I78) -> 77.580121 | J79: Total | M79: =SUM(M77:M78) -> 77.580121
B81: Módulo 5 - Insumos Diversos | E81: Valor (R$) | F81: Módulo 5 - Insumos Diversos | I81: Valor (R$) | J81: Módulo 5 - Insumos Diversos | M81: Valor (R$)
B82: A | C82: Uniformes e EPIs | E82: ='Uniformes e EPIs'!H15 -> 23.373611 | F82: A | G82: Uniformes e EPIs | I82: ='Uniformes e EPIs'!H15 -> 23.373611 | J82: A | K82: Uniformes e EPIs | M82: ='Uniformes e EPIs'!H15 -> 23.373611
B83: B | C83: Insumos de materiais | E83: =Insumos!H61 -> 571.13908 | F83: B | G83: Insumos de materiais | I83: =Insumos!P61 -> 542.37626 | J83: B | K83: Insumos de materiais | M83: =Insumos!X61 -> 709.03062
B84: C | C84: Depreciação de Equipamentos | E84: =Equipamentos!G9 -> 14.387847 | F84: C | G84: Depreciação de Equipamentos | I84: =Equipamentos!G16 -> 15.234191 | J84: C | K84: Depreciação de Equipamentos | M84: =Equipamentos!G23 -> 19.921634
B85: Total | E85: =SUM(E82:E84) -> 608.90054 | F85: Total | I85: =SUM(I82:I84) -> 580.98406 | J85: Total | M85: =SUM(M82:M84) -> 752.32587
B86: TOTAL DOS CUSTOS DIRETOS | E86: =E85+E79+E58+E48+E16 -> 5501.1902 | F86: TOTAL DOS CUSTOS DIRETOS | I86: =I85+I79+I58+I48+I16 -> 5473.2737 | J86: TOTAL DOS CUSTOS DIRETOS | M86: =M85+M79+M58+M48+M16 -> 5644.6155
B88: Módulo 6 - Custos Indiretos, Tributos e Lucro | D88: (%) | E88: Valor (R$) | F88: Módulo 6 - Custos Indiretos, Tributos e Lucro | H88: (%) | I88: Valor (R$) | J88: Módulo 6 - Custos Indiretos, Tributos e Lucro | L88: (%) | M88: Valor (R$)
B89: A | C89: Custos Indiretos | D89: 0.05 | E89: =E86*$D$89 -> 275.05951 | F89: A | G89: Custos Indiretos | H89: 0.05 | I89: =I86*$H$89 -> 273.66369 | J89: A | K89: Custos Indiretos | L89: 0.05 | M89: =M86*$D$89 -> 282.23078
B90: B | C90: Lucro | D90: 0.1 | E90: =(E86+E89)*$D$90 -> 577.62497 | F90: B | G90: Lucro | H90: 0.1 | I90: =(I86+I89)*$H$90 -> 574.69374 | J90: B | K90: Lucro | L90: 0.1 | M90: =(M86+M89)*$L$90 -> 592.68463
B91: C | C91: Tributos | D91: =SUM(D92:D94) -> 0.1425 | F91: C | G91: Tributos | H91: =SUM(H92:H94) -> 0.1425 | J91: C | K91: Tributos | L91: =SUM(L92:L94) -> 0.1425
C92: PIS | D92: 0.0165 | E92: =(E86+E89+E90)/(1-$D$91)*$D$92 -> 122.26115 | G92: PIS | H92: 0.0165 | I92: =(I86+I89+I90)/(1-$H$91)*$H$92 -> 121.64072 | K92: PIS | L92: 0.0165 | M92: =(M86+M89+M90)/(1-$L$91)*$L$92 -> 125.4487
C93: COFINS | D93: 0.076 | E93: =(E86+E89+E90)/(1-$D$91)*$D$93 -> 563.14225 | G93: COFINS | H93: 0.076 | I93: =(I86+I89+I90)/(1-$H$91)*$H$93 -> 560.28451 | K93: COFINS | L93: 0.076 | M93: =(M86+M89+M90)/(1-$L$91)*$L$93 -> 577.82432
C94: ISS | D94: 0.05 | E94: =(E86+E89+E90)/(1-$D$91)*$D$94 -> 370.48832 | G94: ISS | H94: 0.05 | I94: =(I86+I89+I90)/(1-$H$91)*$H$94 -> 368.60823 | K94: ISS | L94: 0.05 | M94: =(M86+M89+M90)/(1-$L$91)*$L$94 -> 380.14758
B95: Total | E95: =SUM(E89:E94) -> 1908.5762 | F95: Total | I95: =SUM(I89:I94) -> 1898.8909 | J95: Total | M95: =SUM(M89:M94) -> 1958.336
B98: RESUMO DO CUSTO POR EMPREGADO | F98: RESUMO DO CUSTO POR EMPREGADO | J98: RESUMO DO CUSTO POR EMPREGADO
B99: Resumo do Custo por Empregado - Mão de obra vinculada à execução contratual | E99: Valor (R$) | F99: Resumo do Custo por Empregado - Mão de obra vinculada à execução contratual | I99: Valor (R$) | J99: Resumo do Custo por Empregado - Mão de obra vinculada à execução contratual | M99: Valor (R$)
B100: A | C100: Módulo 1 - Composição da Remuneração | E100: =E16 -> 2423.05 | F100: A | G100: Módulo 1 - Composição da Remuneração | I100: =I16 -> 2423.05 | J100: A | K100: Módulo 1 - Composição da Remuneração | M100: =M16 -> 2423.05
B101: B | C101: Módulo 2 - Encargos e Benefícios Anuais, Mensais e Diários | E101: =E48 -> 2193.2214 | F101: B | G101: Módulo 2 - Encargos e Benefícios Anuais, Mensais e Diários | I101: =I48 -> 2193.2214 | J101: B | K101: Módulo 2 - Encargos e Benefícios Anuais, Mensais e Diários | M101: =M48 -> 2193.2214
B102: C | C102: Módulo 3 - Provisão para Rescisão | E102: =E58 -> 198.43817 | F102: C | G102: Módulo 3 - Provisão para Rescisão | I102: =I58 -> 198.43817 | J102: C | K102: Módulo 3 - Provisão para Rescisão | M102: =M58 -> 198.43817
B103: D | C103: Módulo 4 - Custo de Reposição do Profissional Ausente | E103: =E70 -> 77.580121 | F103: D | G103: Módulo 4 - Custo de Reposição do Profissional Ausente | I103: =I70 -> 77.580121 | J103: D | K103: Módulo 4 - Custo de Reposição do Profissional Ausente | M103: =M70 -> 77.580121
B104: E | C104: Módulo 5 - Insumos Diversos | E104: =E85 -> 608.90054 | F104: E | G104: Módulo 5 - Insumos Diversos | I104: =I85 -> 580.98406 | J104: E | K104: Módulo 5 - Insumos Diversos | M104: =M85 -> 752.32587
B105: Subtotal (A + B +C+ D+E) | E105: =SUM(E100:E104) -> 5501.1902 | F105: Subtotal (A + B +C+ D+E) | I105: =SUM(I100:I104) -> 5473.2737 | J105: Subtotal (A + B +C+ D+E) | M105: =SUM(M100:M104) -> 5644.6155
B106: F | C106: Módulo 6 – Custos Indiretos, Tributos e Lucro | E106: =E95 -> 1908.5762 | F106: F | G106: Módulo 6 – Custos Indiretos, Tributos e Lucro | I106: =I95 -> 1898.8909 | J106: F | K106: Módulo 6 – Custos Indiretos, Tributos e Lucro | M106: =M95 -> 1958.336
B107: Valor Total por empregado com 40% de insalubridade | E107: =SUM(E105,E106) -> 7409.7664 | F107: Valor Total por empregado com 40% de insalubridade | I107: =SUM(I105,I106) -> 7372.1646 | J107: Valor Total por empregado com 40% de insalubridade | M107: =SUM(M105,M106) -> 7602.9515

Sheet Uniformes e EPIs
B1: PLANILHA DE CUSTOS E FORMAÇÃO DE PREÇO
B2: Nº do Processo: SEI-360018/000729/2025
A4: Cargo | B4: Descrição | C4: Quantidade por funcionário | D4: Preço A | E4: Preço B | F4: Preço C | G4: Média | H4: Valor R$ (Média x Quantidade)
A5: Servente | B5: LUVA PVC 70cm | C5: 1 | D5: 13.73 | E5: 13.4 | F5: 23.48 | G5: =AVERAGE(D5:F5) -> 16.87 | H5: =G5*C5 -> 16.87
B6: ÓCULOS IMPERIAL | C6: 1 | D6: 6.22 | E6: 5.9 | F6: 5.5 | G6: =AVERAGE(D6:F6) -> 5.8733333 | H6: =G6*C6 -> 5.8733333
B7: AVENTAL PVC | C7: 2 | D7: 8.18 | E7: 10.71 | F7: 7.57 | G7: =AVERAGE(D7:F7) -> 8.82 | H7: =G7*C7 -> 17.64
B8: CRACHÁ | C8: 1 | D8: 4.35 | E8: 6.49 | F8: 8.9 | G8: =AVERAGE(D8:F8) -> 6.58 | H8: =G8*C8 -> 6.58
B9: BOTA PVC CANO LONGO | C9: 1 | D9: 39.89 | E9: 31.1 | F9: 33.32 | G9: =AVERAGE(D9:F9) -> 34.77 | H9: =G9*C9 -> 34.77
B10: BOTA COM BIQUEIRA | C10: 1 | D10: 46.4 | E10: 45.8 | F10: 46.76 | G10: =AVERAGE(D10:F10) -> 46.32 | H10: =G10*C10 -> 46.32
B11: CALÇA HELANCA | C11: 1 | D11: 16 | E11: 20 | F11: 20.71 | G11: =AVERAGE(D11:F11) -> 18.903333 | H11: =G11*C11 -> 18.903333
B12: CAMISETA MALHA MANGA CURTA | C12: 2 | D12: 14.6 | E12: 16.9 | F12: 18.9 | G12: =AVERAGE(D12:F12) -> 16.8 | H12: =G12*C12 -> 33.6
B13: CALÇA DE BRIM | C13: 2 | D13: 57.9 | E13: 43 | F13: 48.99 | G13: =AVERAGE(D13:F13) -> 49.963333 | H13: =G13*C13 -> 99.926667
A14: TOTAL | H14: =SUM(H5:H13) -> 280.48333
A15: VALOR MENSAL | H15: =H14/12 -> 23.373611

Sheet Insumos
B1: PLANILHA DE CUSTOS E FORMAÇÃO DE PREÇO | H1: LOTE 1 | J1: PLANILHA DE CUSTOS E FORMAÇÃO DE PREÇO | P1: LOTE 2 | R1: PLANILHA DE CUSTOS E FORMAÇÃO DE PREÇO | X1: LOTE 3
B2: Nº do Processo: | J2: Nº do Processo: | R2: Nº do Processo:
B4: Insumos | C4: Quant. | D4: Preço A | E4: Preço B | F4: Preço C | G4: Média | H4: Valor R$ (Média x Quantidade) | J4: Insumos | K4: Quant. | L4: Preço A | M4: Preço B | N4: Preço C | O4: Média | P4: Valor R$ (Média x Quantidade) | R4: Insumos | S4: Quant. | T4: Preço A | U4: Preço B | V4: Preço C | W4: Média | X4: Valor R$ (Média x Quantidade)
B5: Álcool gel 70% 500ml com bico dosador | C5: 1344 | D5: 5 | E5: 4.2 | F5: 3.8 | G5: =MIN(D5:F5) -> 3.8 | H5: =G5*C5 -> 5107.2 | J5: Álcool gel 70% 500ml com bico dosador | K5: 768 | L5: 5 | M5: 4.2 | N5: 3.8 | O5: =AVERAGE(L5:N5) -> 4.3333333 | P5: =O5*K5 -> 3328 | R5: Álcool gel 70% 500ml com bico dosador | S5: 768 | T5: 5 | U5: 4.2 | V5: 3.8 | W5: =AVERAGE(T5:V5) -> 4.3333333 | X5: =W5*S5 -> 3328
B6: Álcool liquido 70 c/ 1L | C6: 1260 | D6: 5.1 | E6: 5.3 | F6: 5.34 | G6: =AVERAGE(D6:F6) -> 5.2466667 | H6: =G6*C6 -> 6610.8 | J6: Álcool liquido 70 c/ 1L | K6: 720 | L6: 5.1 | M6: 5.3 | N6: 5.34 | O6: =AVERAGE(L6:N6) -> 5.2466667 | P6: =O6*K6 -> 3777.6 | R6: Álcool liquido 70 c/ 1L | S6: 720 | T6: 5.1 | U6: 5.3 | V6: 5.34 | W6: =AVERAGE(T6:V6) -> 5.2466667 | X6: =W6*S6 -> 3777.6
B7: Balde de plástico 8L | C7: 76 | D7: 5.6 | E7: 4.5 | F7: 6.1 | G7: =AVERAGE(D7:F7) -> 5.4 | H7: =G7*C7 -> 410.4 | J7: Balde de plástico 8L | K7: 48 | L7: 5.6 | M7: 4.5 | N7: 6.1 | O7: =AVERAGE(L7:N7) -> 5.4 | P7: =O7*K7 -> 259.2 | R7: Balde de plástico 8L | S7: 48 | T7: 5.6 | U7: 4.5 | V7: 6.1 | W7: =AVERAGE(T7:V7) -> 5.4 | X7: =W7*S7 -> 259.2
B8: Balde plástico 20L | C8: 76 | D8: 12 | E8: 10.9 | F8: 10 | G8: =AVERAGE(D8:F8) -> 10.966667 | H8: =G8*C8 -> 833.46667 | J8: Balde plástico 20L | K8: 48 | L8: 12 | M8: 10.9 | N8: 10 | O8: =AVERAGE(L8:N8) -> 10.966667 | P8: =O8*K8 -> 526.4 | R8: Balde plástico 20L | S8: 48 | T8: 12 | U8: 10.9 | V8: 10 | W8: =AVERAGE(T8:V8) -> 10.966667 | X8: =W8*S8 -> 526.4
B9: Cera acrílica 5L | C9: 84 | D9: 27 | E9: 28.33 | F9: 28.33 | G9: =AVERAGE(D9:F9) -> 27.886667 | H9: =G9*C9 -> 2342.48 | J9: Cera acrílica 5L | K9: 48 | L9: 27 | M9: 28.33 | N9: 28.33 | O9: =AVERAGE(L9:N9) -> 27.886667 | P9: =O9*K9 -> 1338.56 | R9: Cera acrílica 5L | S9: 48 | T9: 27 | U9: 28.33 | V9: 28.33 | W9: =AVERAGE(T9:V9) -> 27.886667 | X9: =W9*S9 -> 1338.56
B10: Creolina 750ml | C10: 420 | D10: 15.9 | E10: 16.1 | F10: 10.99 | G10: =AVERAGE(D10:F10) -> 14.33 | H10: =G10*C10 -> 6018.6 | J10: Creolina 750ml | K10: 240 | L10: 15.9 | M10: 16.1 | N10: 10.99 | O10: =AVERAGE(L10:N10) -> 14.33 | P10: =O10*K10 -> 3439.2 | R10: Creolina 750ml | S10: 240 | T10: 15.9 | U10: 16.1 | V10: 10.99 | W10: =AVERAGE(T10:V10) -> 14.33 | X10: =W10*S10 -> 3439.2
B11: Desengordurante 5L | C11: 168 | D11: 10.51 | E11: 10.51 | F11: 11.58 | G11: =AVERAGE(D11:F11) -> 10.866667 | H11: =G11*C11 -> 1825.6 | J11: Desengordurante 5L | K11: 96 | L11: 10.51 | M11: 10.51 | N11: 11.58 | O11: =AVERAGE(L11:N11) -> 10.866667 | P11: =O11*K11 -> 1043.2 | R11: Desengordurante 5L | S11: 96 | T11: 10.51 | U11: 10.51 | V11: 11.58 | W11: =AVERAGE(T11:V11) -> 10.866667 | X11: =W11*S11 -> 1043.2
B12: Desentupidor de pia | C12: 14 | D12: 3.32 | E12: 2.09 | F12: 4.74 | G12: =AVERAGE(D12:F12) -> 3.3833333 | H12: =G12*C12 -> 47.366667 | J12: Desentupidor de pia | K12: 8 | L12: 3.32 | M12: 2.09 | N12: 4.74 | O12: =AVERAGE(L12:N12) -> 3.3833333 | P12: =O12*K12 -> 27.066667 | R12: Desentupidor de pia | S12: 8 | T12: 3.32 | U12: 2.09 | V12: 4.74 | W12: =AVERAGE(T12:V12) -> 3.3833333 | X12: =W12*S12 -> 27.066667
B13: Desentupidor de vaso | C13: 14 | D13: 5.63 | E13: 4.86 | F13: 3.9 | G13: =AVERAGE(D13:F13) -> 4.7966667 | H13: =G13*C13 -> 67.153333 | J13: Desentupidor de vaso | K13: 8 | L13: 5.63 | M13: 4.86 | N13: 3.9 | O13: =AVERAGE(L13:N13) -> 4.7966667 | P13: =O13*K13 -> 38.373333 | R13: Desentupidor de vaso | S13: 8 | T13: 5.63 | U13: 4.86 | V13: 3.9 | W13: =AVERAGE(T13:V13) -> 4.7966667 | X13: =W13*S13 -> 38.373333
B14: Detergente concentrado 5L | C14: 420 | D14: 11 | E14: 11.45 | F14: 11.1 | G14: =AVERAGE(D14:F14) -> 11.183333 | H14: =G14*C14 -> 4697 | J14: Detergente concentrado 5L | K14: 240 | L14: 11 | M14: 11.45 | N14: 11.1 | O14: =AVERAGE(L14:N14) -> 11.183333 | P14: =O14*K14 -> 2684 | R14: Detergente concentrado 5L | S14: 240 | T14: 11 | U14: 11.45 | V14: 11.1 | W14: =AVERAGE(T14:V14) -> 11.183333 | X14: =W14*S14 -> 2684
B15: Disco 350mm preto removedor | C15: 168 | D15: 20.3 | E15: 19.2 | F15: 15.23 | G15: =AVERAGE(D15:F15) -> 18.243333 | H15: =G15*C15 -> 3064.88 | J15: Disco 350mm preto removedor | K15: 96 | L15: 20.3 | M15: 19.2 | N15: 15.23 | O15: =AVERAGE(L15:N15) -> 18.243333 | P15: =O15*K15 -> 1751.36 | R15: Disco 350mm preto removedor | S15: 96 | T15: 20.3 | U15: 19.2 | V15: 15.23 | W15: =AVERAGE(T15:V15) -> 18.243333 | X15: =W15*S15 -> 1751.36
B16: Escova multiuso oval | C16: 280 | D16: 2.4 | E16: 2.95 | F16: 2.42 | G16: =AVERAGE(D16:F16) -> 2.59 | H16: =G16*C16 -> 725.2 | J16: Escova multiuso oval | K16: 160 | L16: 2.4 | M16: 2.95 | N16: 2.42 | O16: =AVERAGE(L16:N16) -> 2.59 | P16: =O16*K16 -> 414.4 | R16: Escova multiuso oval | S16: 160 | T16: 2.4 | U16: 2.95 | V16: 2.42 | W16: =AVERAGE(T16:V16) -> 2.59 | X16: =W16*S16 -> 414.4
B17: Esponja dupla face | C17: 3900 | D17: 0.45 | E17: 0.54 | F17: 0.4 | G17: =AVERAGE(D17:F17) -> 0.46333333 | H17: =G17*C17 -> 1807 | J17: Esponja dupla face | K17: 2400 | L17: 0.45 | M17: 0.54 | N17: 0.4 | O17: =AVERAGE(L17:N17) -> 0.46333333 | P17: =O17*K17 -> 1112 | R17: Esponja dupla face | S17: 2400 | T17: 0.45 | U17: 0.54 | V17: 0.4 | W17: =AVERAGE(T17:V17) -> 0.46333333 | X17: =W17*S17 -> 1112
... B25: Luva procedimento P/M/G cx c/ 100 | C25: 168 | D25: 14.28 | E25: 18.47 | F25: 22.8 | G25: =AVERAGE(D25:F25) -> 18.516667 | H25: =G25*C25 -> 3110.8 | J25: Luva procedimento P/M/G cx c/ 100 | K25: 96 | L25: 14.28 | M25: 18.47 | N25: 22.8 | O25: =AVERAGE(L25:N25) -> 18.516667 | P25: =O25*K25 -> 1777.6 | R25: Luva procedimento P/M/G cx c/ 100 | S25: 96 | T25: 14.28 | U25: 18.47 | V25: 22.8 | W25: =AVERAGE(T25:V25) -> 18.516667 | X25: =W25*S25 -> 1777.6
B26: Mascara desc c/ elástico dupla c/ 100un | C26: 216 | D26: =3.5*2 -> 7 | E26: =5.89*2 -> 11.78 | F26: =3.67*2 -> 7.34 | G26: =AVERAGE(D26:F26) -> 8.7066667 | H26: =G26*C26 -> 1880.64 | J26: Mascara desc c/ elástico dupla c/ 100un | K26: 144 | L26: =3.5*2 -> 7 | M26: =5.89*2 -> 11.78 | N26: =3.67*2 -> 7.34 | O26: =AVERAGE(L26:N26) -> 8.7066667 | P26: =O26*K26 -> 1253.76 | R26: Mascara desc c/ elástico dupla c/ 100un | S26: 144 | T26: =3.5*2 -> 7 | U26: =5.89*2 -> 11.78 | V26: =3.67*2 -> 7.34 | W26: =AVERAGE(T26:V26) -> 8.7066667 | X26: =W26*S26 -> 1253.76
B27: Mascara respiratória PFF2 s/ válvula | C27: 2304 | D27: 1.76 | E27: 1.59 | F27: 1.48 | G27: =AVERAGE(D27:F27) -> 1.61 | H27: =G27*C27 -> 3709.44 | J27: Mascara respiratória PFF2 s/ válvula | K27: 1536 | L27: 1.76 | M27: 1.59 | N27: 1.48 | O27: =AVERAGE(L27:N27) -> 1.61 | P27: =O27*K27 -> 2472.96 | R27: Mascara respiratória PFF2 s/ válvula | S27: 1536 | T27: 1.76 | U27: 1.59 | V27: 1.48 | W27: =AVERAGE(T27:V27) -> 1.61 | X27: =W27*S27 -> 2472.96
B28: Odorizador de ambiente talco 5L | C28: 840 | D28: 13.54 | E28: 15.13 | F28: 12 | G28: =AVERAGE(D28:F28) -> 13.556667 | H28: =G28*C28 -> 11387.6 | J28: Odorizador de ambiente talco 5L | K28: 480 | L28: 13.54 | M28: 15.13 | N28: 12 | O28: =AVERAGE(L28:N28) -> 13.556667 | P28: =O28*K28 -> 6507.2 | R28: Odorizador de ambiente talco 5L | S28: 480 | T28: 13.54 | U28: 15.13 | V28: 12 | W28: =AVERAGE(T28:V28) -> 13.556667 | X28: =W28*S28 -> 6507.2
B29: Pano cortado G | C29: 4200 | D29: 3.26 | E29: 3.3 | G29: =AVERAGE(D29:F29) -> 3.28 | H29: =G29*C29 -> 13776 | J29: Pano cortado G | K29: 2400 | L29: 3.26 | M29: 3.3 | O29: =AVERAGE(L29:N29) -> 3.28 | P29: =O29*K29 -> 7872 | R29: Pano cortado G | S29: 2400 | T29: 3.26 | U29: 3.3 | W29: =AVERAGE(T29:V29) -> 3.28 | X29: =W29*S29 -> 7872
B30: Papel hig. 10x30 br lx c/ 64 | C30: 168 | D30: 33.7 | E30: 46.7 | F30: 34.79 | G30: =AVERAGE(D30:F30) -> 38.396667 | H30: =G30*C30 -> 6450.64 | J30: Papel hig. 10x30 br lx c/ 64 | K30: 96 | L30: 33.7 | M30: 46.7 | N30: 34.79 | O30: =AVERAGE(L30:N30) -> 38.396667 | P30: =O30*K30 -> 3686.08 | R30: Papel hig. 10x30 br lx c/ 64 | S30: 96 | T30: 33.7 | U30: 46.7 | V30: 34.79 | W30: =AVERAGE(T30:V30) -> 38.396667 | X30: =W30*S30 -> 3686.08
B31: Papel toalha interf. 20x21 | C31: 840 | D31: 13 | E31: 12.94 | F31: 11.16 | G31: =AVERAGE(D31:F31) -> 12.366667 | H31: =G31*C31 -> 10388 | J31: Papel toalha interf. 20x21 | K31: 480 | L31: 13 | M31: 12.94 | N31: 11.16 | O31: =AVERAGE(L31:N31) -> 12.366667 | P31: =O31*K31 -> 5936 | R31: Papel toalha interf. 20x21 | S31: 480 | T31: 13 | U31: 12.94 | V31: 11.16 | W31: =AVERAGE(T31:V31) -> 12.366667 | X31: =W31*S31 -> 5936
B32: Removedor cera 5L | C32: 84 | D32: 36.21 | E32: 29.99 | F32: 44 | G32: =AVERAGE(D32:F32) -> 36.733333 | H32: =G32*C32 -> 3085.6 | J32: Removedor cera 5L | K32: 48 | L32: 36.21 | M32: 29.99 | N32: 44 | O32: =AVERAGE(L32:N32) -> 36.733333 | P32: =O32*K32 -> 1763.2 | R32: Removedor cera 5L | S32: 48 | T32: 36.21 | U32: 29.99 | V32: 44 | W32: =AVERAGE(T32:V32) -> 36.733333 | X32: =W32*S32 -> 1763.2
B33: Rodo de plástico 40 cm c/cabo | C33: 28 | D33: 5.48 | E33: 5.45 | F33: 5.14 | G33: =AVERAGE(D33:F33) -> 5.3566667 | H33: =G33*C33 -> 149.98667 | J33: Rodo de plástico 40 cm c/cabo | K33: 16 | L33: 5.48 | M33: 5.45 | N33: 5.14 | O33: =AVERAGE(L33:N33) -> 5.3566667 | P33: =O33*K33 -> 85.706667 | R33: Rodo de plástico 40 cm c/cabo | S33: 16 | T33: 5.48 | U33: 5.45 | V33: 5.14 | W33: =AVERAGE(T33:V33) -> 5.3566667 | X33: =W33*S33 -> 85.706667
B34: Sabão em pedra 1kg c/ 5un | C34: 168 | D34: 7.48 | E34: 7.8 | F34: 7.2 | G34: =AVERAGE(D34:F34) -> 7.4933333 | H34: =G34*C34 -> 1258.88 | J34: Sabão em pedra 1kg c/ 5un | K34: 96 | L34: 7.48 | M34: 7.8 | N34: 7.2 | O34: =AVERAGE(L34:N34) -> 7.4933333 | P34: =O34*K34 -> 719.36 | R34: Sabão em pedra 1kg c/ 5un | S34: 96 | T34: 7.48 | U34: 7.8 | V34: 7.2 | W34: =AVERAGE(T34:V34) -> 7.4933333 | X34: =W34*S34 -> 719.36
B35: Sabão em pó 1kg | C35: 252 | D35: 12.34 | E35: 13.5 | F35: 10.79 | G35: =AVERAGE(D35:F35) -> 12.21 | H35: =G35*C35 -> 3076.92 | J35: Sabão em pó 1kg | K35: 144 | L35: 12.34 | M35: 13.5 | N35: 10.79 | O35: =AVERAGE(L35:N35) -> 12.21 | P35: =O35*K35 -> 1758.24 | R35: Sabão em pó 1kg | S35: 144 | T35: 12.34 | U35: 13.5 | V35: 10.79 | W35: =AVERAGE(T35:V35) -> 12.21 | X35: =W35*S35 -> 1758.24
B36: Sabonete liquido com glicerina para antissepsia | C36: 840 | D36: 19.27 | E36: 10.9 | F36: 18.13 | G36: =AVERAGE(D36:F36) -> 16.1 | H36: =G36*C36 -> 13524 | J36: Sabonete liquido com glicerina para antissepsia | K36: 480 | L36: 19.27 | M36: 10.9 | N36: 18.13 | O36: =AVERAGE(L36:N36) -> 16.1 | P36: =O36*K36 -> 7728 | R36: Sabonete liquido com glicerina para antissepsia | S36: 480 | T36: 19.27 | U36: 10.9 | V36: 18.13 | W36: =AVERAGE(T36:V36) -> 16.1 | X36: =W36*S36 -> 7728
B37: Saco p/ lixo branco infectante 100L c/ 100un | C37: 144 | D37: 40.5 | E37: 42.5 | F37: 45 | G37: =AVERAGE(D37:F37) -> 42.666667 | H37: =G37*C37 -> 6144 | J37: Saco p/ lixo branco infectante 100L c/ 100un | K37: 96 | L37: 40.5 | M37: 42.5 | N37: 45 | O37: =AVERAGE(L37:N37) -> 42.666667 | P37: =O37*K37 -> 4096 | R37: Saco p/ lixo branco infectante 100L c/ 100un | S37: 96 | T37: 40.5 | U37: 42.5 | V37: 45 | W37: =AVERAGE(T37:V37) -> 42.666667 | X37: =W37*S37 -> 4096
B38: Saco p/ lixo branco infectante 200L c/ 100un | C38: 72 | D38: 50 | E38: 50 | F38: 50 | G38: =AVERAGE(D38:F38) -> 50 | H38: =G38*C38 -> 3600 | J38: Saco p/ lixo branco infectante 200L c/ 100un | K38: 48 | L38: 50 | M38: 50 | N38: 50 | O38: =AVERAGE(L38:N38) -> 50 | P38: =O38*K38 -> 2400 | R38: Saco p/ lixo branco infectante 200L c/ 100un | S38: 48 | T38: 50 | U38: 50 | V38: 50 | W38: =AVERAGE(T38:V38) -> 50 | X38: =W38*S38 -> 2400
B39: Saco p/ lixo branco infectante 60L c/ 100un | C39: 144 | D39: 14.99 | E39: 13 | F39: 15 | G39: =AVERAGE(D39:F39) -> 14.33 | H39: =G39*C39 -> 2063.52 | J39: Saco p/ lixo branco infectante 60L c/ 100un | K39: 96 | L39: 14.99 | M39: 13 | N39: 15 | O39: =AVERAGE(L39:N39) -> 14.33 | P39: =O39*K39 -> 1375.68 | R39: Saco p/ lixo branco infectante 60L c/ 100un | S39: 96 | T39: 14.99 | U39: 13 | V39: 15 | W39: =AVERAGE(T39:V39) -> 14.33 | X39: =W39*S39 -> 1375.68
B40: Saco p/ lixo branco infectante 240L c/ 100un | C40: 72 | D40: 60 | E40: 49.9 | F40: 110 | G40: =AVERAGE(D40:F40) -> 73.3 | H40: =G40*C40 -> 5277.6 | J40: Saco p/ lixo branco infectante 240L c/ 100un | K40: 48 | L40: 60 | M40: 49.9 | N40: 110 | O40: =AVERAGE(L40:N40) -> 73.3 | P40: =O40*K40 -> 3518.4 | R40: Saco p/ lixo branco infectante 240L c/ 100un | S40: 48 | T40: 60 | U40: 49.9 | V40: 110 | W40: =AVERAGE(T40:V40) -> 73.3 | X40: =W40*S40 -> 3518.4
B41: Saco p/ lixo preto 100L c/ 100un | C41: 84 | D41: 33.48 | E41: 39.99 | F41: 33.9 | G41: =AVERAGE(D41:F41) -> 35.79 | H41: =G41*C41 -> 3006.36 | J41: Saco p/ lixo preto 100L c/ 100un | K41: 48 | L41: 33.48 | M41: 39.99 | N41: 33.9 | O41: =AVERAGE(L41:N41) -> 35.79 | P41: =O41*K41 -> 1717.92 | R41: Saco p/ lixo preto 100L c/ 100un | S41: 48 | T41: 33.48 | U41: 39.99 | V41: 33.9 | W41: =AVERAGE(T41:V41) -> 35.79 | X41: =W41*S41 -> 1717.92
... B58: Desinfetante de uso hospitalar 1L | C58: 72 | D58: 9 | E58: 8.55 | F58: 8.55 | G58: =AVERAGE(D58:F58) -> 8.7 | H58: =G58*C58 -> 626.4 | J58: Desinfetante de uso hospitalar 1L | K58: 48 | L58: 9 | M58: 8.55 | N58: 8.55 | O58: =AVERAGE(L58:N58) -> 8.7 | P58: =O58*K58 -> 417.6 | R58: Desinfetante de uso hospitalar 1L | S58: 48 | T58: 9 | U58: 8.55 | V58: 8.55 | W58: =AVERAGE(T58:V58) -> 8.7 | X58: =W58*S58 -> 417.6
B59: TOTAL | H59: =SUM(H5:H58) -> 185049.06 | J59: TOTAL | P59: =SUM(P5:P58) -> 110644.76 | R59: TOTAL | X59: =SUM(X5:X58) -> 110608.78
B60: Valor do material por funcionário | H60: =H59/'Colaboradores por produtividade'!P14 -> 6853.669 | J60: Valor do material por funcionário | P60: =P59/'Colaboradores por produtividade'!P27 -> 6508.5151 | R60: Valor do material por funcionário | X60: =X59/'Colaboradores por produtividade'!P40 -> 8508.3674
B61: Valor do material por funcionário por mês | H61: =H60/12 -> 571.13908 | J61: Valor do material por funcionário por mês | P61: =P60/12 -> 542.37626 | R61: Valor do material por funcionário por mês | X61: =X60/12 -> 709.03062

Sheet Equipamentos
A1: PLANILHA DE CUSTOS E FORMAÇÃO DE PREÇO
A2: Nº do Processo: SEI-360018/000729/2025
A3: LOTE I
A4: Descrição | B4: Quantidade por funcionário | C4: Preço A | D4: Preço B | E4: Preço C | F4: Média | G4: Valor R$ (Média x Quantidade)
A5: Enceradeira industrial escova de 350mm, acompanhadas de 1 escova de nylon para lavar, 1 suporte p/ discos de fibra | B5: 12 | C5: 2880 | D5: 2544 | E5: 2318 | F5: =AVERAGE(C5:E5) -> 2580.6667 | G5: =F5*B5 -> 30968
A6: Carro funcional | B6: 12 | C6: 1623.96 | D6: 1140 | E6: 1195 | F6: =AVERAGE(C6:E6) -> 1319.6533 | G6: =F6*B6 -> 15835.84
A7: TOTAL | G7: =SUM(G5:G6) -> 46803.84
A8: VALOR DA DEPRECIAÇÃO | G8: =G7*0.83% -> 388.47187
A9: VALOR DISTRIBUÍDO ENTRE OS FUNCIONÁRIOS | G9: =G8/'Colaboradores por produtividade'!P14 -> 14.387847
A10: LOTE II
A11: Descrição | B11: Quantidade por funcionário | C11: Preço A | D11: Preço B | E11: Preço C | F11: Média | G11: Valor R$ (Média x Quantidade)
A12: Enceradeira industrial escova de 350mm, acompanhadas de 1 escova de nylon para lavar, 1 suporte p/ discos de fibra | B12: 8 | C12: 2880 | D12: 2544 | E12: 2318 | F12: =AVERAGE(C12:E12) -> 2580.6667 | G12: =F12*B12 -> 20645.333
A13: Carro funcional | B13: 8 | C13: 1623.96 | D13: 1140 | E13: 1195 | F13: =AVERAGE(C13:E13) -> 1319.6533 | G13: =F13*B13 -> 10557.227
A14: TOTAL | G14: =SUM(G12:G13) -> 31202.56
A15: VALOR DA DEPRECIAÇÃO | G15: =G14*0.83% -> 258.98125
A16: VALOR DISTRIBUÍDO ENTRE OS FUNCIONÁRIOS | G16: =G15/'Colaboradores por produtividade'!P27 -> 15.234191
A17: LOTE III
A18: Descrição | B18: Quantidade por funcionário | C18: Preço A | D18: Preço B | E18: Preço C | F18: Média | G18: Valor R$ (Média x Quantidade)
A19: Enceradeira industrial escova de 350mm, acompanhadas de 1 escova de nylon para lavar, 1 suporte p/ discos de fibra | B19: 8 | C19: 2880 | D19: 2544 | E19: 2318 | F19: =AVERAGE(C19:E19) -> 2580.6667 | G19: =F19*B19 -> 20645.333
A20: Carro funcional | B20: 8 | C20: 1623.96 | D20: 1140 | E20: 1195 | F20: =AVERAGE(C20:E20) -> 1319.6533 | G20: =F20*B20 -> 10557.227
A21: TOTAL | G21: =SUM(G19:G20) -> 31202.56
A22: VALOR DA DEPRECIAÇÃO | G22: =G21*0.83% -> 258.98125
A23: VALOR DISTRIBUÍDO ENTRE OS FUNCIONÁRIOS | G23: =G22/'Colaboradores por produtividade'!P40 -> 19.921634

Sheet Colaboradores por produtividade
A3: LOTE I | I3: PRODUTIVIDADE ADOTADA | P3: Quantidade máxima de colaboradores
A4: LOCAL | B4: LIMPEZA E CONSERVAÇÃO DE IMÓVEL ÁREAS M² | I4: Hospitalar e Assemelhado | K4: Banheiros | L4: Administrativo | M4: Área Externa | N4: Esquadrias Interna/ Externa | O4: TOTAL
B5: Hospitalar e Assemelhado | D5: Banheiros | E5: Administrativo | F5: Área Externa | G5: Esquadrias Interna/ Externa | H5: TOTAL | I5: Crítica | J5: Semicrítica | T5: LOTE I
B6: Crítica | C6: Semicrítica | I6: 360 | J6: 360 | K6: 200 | L6: 800 | M6: 1800 | N6: 300 | O6: x | T6: UNIDADES | U6: 0.4 | V6: 40% e 20% | W6: Total insalubre 40% | X6: Total insalubre 20% | Y6: Total sem insalubridade
A7: PRPTC Serviço Médico Legal (SML) Cabo Frio | B7: 66.9 | C7: 23.9 | D7: 11.6 | E7: 101.9 | F7: 12.2 | G7: 18.82 | H7: 235.32 | I7: =B7/$I$6 -> 0.18583333 | J7: =C7/$J$6 -> 0.066388889 | K7: =D7/$K$6 -> 0.058 | L7: =E7/$L$6 -> 0.127375 | M7: =F7/$M$6 -> 0.0067777778 | N7: =G7/$N$6 -> 0.062733333 | O7: =SUM(I7:N7) -> 0.50710833 | P7: 1 | T7: PRPTC Serviço Médico Legal (SML) Cabo Frio | U7: =SUM(I7,K7) -> 0.24383333 | V7: =U7+J7 -> 0.31022222 | W7: =IF(U7>1,2,IF(U7<1,1)) -> 1 | X7: =IF(V7-W7>0.1,1,0) -> 0 | Y7: =P7-(W7+X7) -> 0
A8: PRPTC Serviço de Perícia Criminal (SPC) Cabo Frio | B8: 17.9 | C8: 0 | D8: 41.6 | E8: 687.95 | F8: 0 | G8: 22.45 | H8: 769.9 | I8: =B8/$I$6 -> 0.049722222 | J8: =C8/$J$6 -> 0 | K8: =D8/$K$6 -> 0.208 | L8: =E8/$L$6 -> 0.8599375 | M8: =F8/$M$6 -> 0 | N8: =G8/$N$6 -> 0.074833333 | O8: =SUM(I8:N8) -> 1.1924931 | P8: 2 | T8: PRPTC Serviço de Perícia Criminal (SPC) Cabo Frio | U8: =SUM(I8,K8) -> 0.25772222 | V8: =U8+J8 -> 0.25772222 | W8: =IF(U8>1,2,IF(U8<1,1)) -> 1 | X8: =IF(V8-W8>0.1,1,0) -> 0 | Y8: =P8-(W8+X8) -> 1
A9: PRPTC Araruama | B9: 392.96 | C9: 137.43 | D9: 62.31 | E9: 343.48 | F9: 1598.65 | G9: 87.72 | H9: 2622.55 | I9: =B9/$I$6 -> 1.0915556 | J9: =C9/$J$6 -> 0.38175 | K9: =D9/$K$6 -> 0.31155 | L9: =E9/$L$6 -> 0.42935 | M9: =F9/$M$6 -> 0.88813889 | N9: =G9/$N$6 -> 0.2924 | O9: =SUM(I9:N9) -> 3.3947444 | P9: 4 | T9: PRPTC Araruama | U9: =SUM(I9,K9) -> 1.4031056 | V9: =U9+J9 -> 1.7848556 | W9: =IF(U9>1,2,IF(U9<1,1)) -> 2 | X9: =IF(V9-W9>0.1,1,0) -> 0 | Y9: =P9-(W9+X9) -> 2
A10: PRPTC Campos dos Goytacazes | B10: 376.46 | C10: 221.12 | D10: 73.45 | E10: 334 | F10: 2691.56 | G10: 151 | H10: 3847.59 | I10: =B10/$I$6 -> 1.0457222 | J10: =C10/$J$6 -> 0.61422222 | K10: =D10/$K$6 -> 0.36725 | L10: =E10/$L$6 -> 0.4175 | M10: =F10/$M$6 -> 1.4953111 | N10: =G10/$N$6 -> 0.50333333 | O10: =SUM(I10:N10) -> 4.4433389 | P10: 5 | T10: PRPTC Campos dos Goytacazes | U10: =SUM(I10,K10) -> 1.4129722 | V10: =U10+J10 -> 2.0271944 | W10: =IF(U10>1,2,IF(U10<1,1)) -> 2 | X10: =IF(V10-W10>0.1,1,0) -> 0 | Y10: =P10-(W10+X10) -> 3
A11: PRPTC Santo Antônio de Pádua | B11: 376.46 | C11: 221.12 | D11: 73.45 | E11: 334 | F11: 2539.36 | G11: 151 | H11: 3695.39 | I11: =B11/$I$6 -> 1.0457222 | J11: =C11/$J$6 -> 0.61422222 | K11: =D11/$K$6 -> 0.36725 | L11: =E11/$L$6 -> 0.4175 | M11: =F11/$M$6 -> 1.4107556 | N11: =G11/$N$6 -> 0.50333333 | O11: =SUM(I11:N11) -> 4.3587833 | P11: 5 | T11: PRPTC Santo Antônio de Pádua | U11: =SUM(I11,K11) -> 1.4129722 | V11: =U11+J11 -> 2.0271944 | W11: =IF(U11>1,2,IF(U11<1,1)) -> 2 | X11: =IF(V11-W11>0.1,1,0) -> 0 | Y11: =P11-(W11+X11) -> 3
A12: PRPTC Itaperuna | B12: 376.46 | C12: 221.12 | D12: 73.45 | E12: 334 | F12: 2148.1 | G12: 151 | H12: 3304.13 | I12: =B12/$I$6 -> 1.0457222 | J12: =C12/$J$6 -> 0.61422222 | K12: =D12/$K$6 -> 0.36725 | L12: =E12/$L$6 -> 0.4175 | M12: =F12/$M$6 -> 1.1933889 | N12: =G12/$N$6 -> 0.50333333 | O12: =SUM(I12:N12) -> 4.1414167 | P12: 5 | T12: PRPTC Itaperuna | U12: =SUM(I12,K12) -> 1.4129722 | V12: =U12+J12 -> 2.0271944 | W12: =IF(U12>1,2,IF(U12<1,1)) -> 2 | X12: =IF(V12-W12>0.1,1,0) -> 0 | Y12: =P12-(W12+X12) -> 3
A13: PRPTC Macaé | B13: 376.46 | C13: 221.12 | D13: 73.45 | E13: 334 | F13: 2657.15 | G13: 151 | H13: 3813.18 | I13: =B13/$I$6 -> 1.0457222 | J13: =C13/$J$6 -> 0.61422222 | K13: =D13/$K$6 -> 0.36725 | L13: =E13/$L$6 -> 0.4175 | M13: =F13/$M$6 -> 1.4761944 | N13: =G13/$N$6 -> 0.50333333 | O13: =SUM(I13:N13) -> 4.4242222 | P13: 5 | T13: PRPTC Macaé | U13: =SUM(I13,K13) -> 1.4129722 | V13: =U13+J13 -> 2.0271944 | W13: =IF(U13>1,2,IF(U13<1,1)) -> 2 | X13: =IF(V13-W13>0.1,1,0) -> 0 | Y13: =P13-(W13+X13) -> 3
A14: TOTAL | B14: 1983.6 | C14: 1045.81 | D14: 409.31 | E14: 2469.33 | F14: 11647.02 | G14: 732.99 | H14: 18288.06 | I14: =B14/$I$6 -> 5.51 | J14: =C14/$J$6 -> 2.9050278 | K14: =D14/$K$6 -> 2.04655 | L14: =E14/$L$6 -> 3.0866625 | M14: =F14/$M$6 -> 6.4705667 | N14: =G14/$N$6 -> 2.4433 | O14: =SUM(I14:N14) -> 22.462107 | P14: =SUM(P7:P13) -> 27 | T14: TOTAL | W14: =SUM(W7:W13) -> 12 | X14: =SUM(X7:X13) -> 0 | Y14: =SUM(Y7:Y13) -> 15 | Z14: =SUM(W14:Y14) -> 27
A18: LOTE II | I18: PRODUTIVIDADE ADOTADA | P18: Quantidade máxima de colaboradores
A19: LOCAL | B19: LIMPEZA E CONSERVAÇÃO DE IMÓVEL ÁREAS M² | I19: Hospitalar e Assemelhado | K19: Banheiros | L19: Administrativo | M19: Área Externa | N19: Esquadrias Interna/ Externa | O19: TOTAL
B20: Hospitalar e Assemelhado | D20: Banheiros | E20: Administrativo | F20: Área Externa | G20: Esquadrias Interna/ Externa | H20: TOTAL | I20: Crítica | J20: Semicrítica | T20: LOTE II
B21: Crítica | C21: Semicrítica | I21: 360 | J21: 360 | K21: 200 | L21: 800 | M21: 1800 | N21: 300 | O21: x | T21: UNIDADES | U21: 0.4 | V21: 40% e 20% | W21: Total insalubre 40% | X21: Total insalubre 20% | Y21: Total sem insalubridade
A22: PRPTC Serviço de Perícia Criminal (SPC) Resende | B22: 0 | C22: 0 | D22: 18.24 | E22: 139.43 | F22: 286.23 | G22: 65.8 | H22: 509.7 | I22: =B22/$I$21 -> 0 | J22: =C22/$J$21 -> 0 | K22: =D22/$K$21 -> 0.0912 | L22: =E22/$L$21 -> 0.1742875 | M22: =F22/$M$21 -> 0.15901667 | N22: =G22/$N$21 -> 0.21933333 | O22: =SUM(I22:N22) -> 0.6438375 | P22: 1 | T22: PRPTC Serviço de Perícia Criminal (SPC) Resende | U22: =I22+K22 -> 0.0912 | V22: =U22+J22 -> 0.0912 | W22: =IF(U22>1,2,IF(U22<1,1)) -> 1 | X22: =IF(V22-W22>0.1,1,0) -> 0 | Y22: =P22-(W22+X22) -> 0
A23: Serviço Médico Legal (SML) Resende | B23: 38.78 | C23: 9.61 | D23: 5.7 | E23: 30.86 | F23: 75 | G23: 4.08 | H23: 164.03 | I23: =B23/$I$21 -> 0.10772222 | J23: =C23/$J$21 -> 0.026694444 | K23: =D23/$K$21 -> 0.0285 | L23: =E23/$L$21 -> 0.038575 | M23: =F23/$M$21 -> 0.041666667 | N23: =G23/$N$21 -> 0.0136 | O23: =SUM(I23:N23) -> 0.25675833 | P23: 1 | T23: Serviço Médico Legal (SML) Resende | U23: =I23+K23 -> 0.13622222 | V23: =U23+J23 -> 0.16291667 | W23: =IF(U23>1,2,IF(U23<1,1)) -> 1 | X23: =IF(V23-W23>0.1,1,0) -> 0 | Y23: =P23-(W23+X23) -> 0
A24: PRPTC Angra dos Reis | B24: 376.46 | C24: 221.12 | D24: 73.45 | E24: 334 | F24: 3133.24 | G24: 151 | H24: 4289.27 | I24: =B24/$I$21 -> 1.0457222 | J24: =C24/$J$21 -> 0.61422222 | K24: =D24/$K$21 -> 0.36725 | L24: =E24/$L$21 -> 0.4175 | M24: =F24/$M$21 -> 1.7406889 | N24: =G24/$N$21 -> 0.50333333 | O24: =SUM(I24:N24) -> 4.6887167 | P24: 5 | T24: PRPTC Angra dos Reis | U24: =I24+K24 -> 1.4129722 | V24: =U24+J24 -> 2.0271944 | W24: =IF(U24>1,2,IF(U24<1,1)) -> 2 | X24: =IF(V24-W24>0.1,1,0) -> 0 | Y24: =P24-(W24+X24) -> 3
A25: PRPTC Barra do Piraí | B25: 376.46 | C25: 221.12 | D25: 73.45 | E25: 334 | F25: 2575.78 | G25: 151 | H25: 3731.81 | I25: =B25/$I$21 -> 1.0457222 | J25: =C25/$J$21 -> 0.61422222 | K25: =D25/$K$21 -> 0.36725 | L25: =E25/$L$21 -> 0.4175 | M25: =F25/$M$21 -> 1.4309889 | N25: =G25/$N$21 -> 0.50333333 | O25: =SUM(I25:N25) -> 4.3790167 | P25: 5 | T25: PRPTC Barra do Piraí | U25: =I25+K25 -> 1.4129722 | V25: =U25+J25 -> 2.0271944 | W25: =IF(U25>1,2,IF(U25<1,1)) -> 2 | X25: =IF(V25-W25>0.1,1,0) -> 0 | Y25: =P25-(W25+X25) -> 3
A26: PRPTC Volta Redonda | B26: 376.46 | C26: 221.12 | D26: 73.45 | E26: 334 | F26: 3607.9 | G26: 151 | H26: 4763.93 | I26: =B26/$I$21 -> 1.0457222 | J26: =C26/$J$21 -> 0.61422222 | K26: =D26/$K$21 -> 0.36725 | L26: =E26/$L$21 -> 0.4175 | M26: =F26/$M$21 -> 2.0043889 | N26: =G26/$N$21 -> 0.50333333 | O26: =SUM(I26:N26) -> 4.9524167 | P26: 5 | T26: PRPTC Volta Redonda | U26: =I26+K26 -> 1.4129722 | V26: =U26+J26 -> 2.0271944 | W26: =IF(U26>1,2,IF(U26<1,1)) -> 2 | X26: =IF(V26-W26>0.1,1,0) -> 0 | Y26: =P26-(W26+X26) -> 3
A27: TOTAL | B27: 1168.16 | C27: 672.97 | D27: 244.29 | E27: 1172.29 | F27: =SUM(F22:F26) -> 9678.15 | G27: =SUM(G22:G26) -> 522.88 | H27: =SUM(H22:H26) -> 13458.74 | I27: =B27/$I$21 -> 3.2448889 | J27: =C27/$J$21 -> 1.8693611 | K27: =D27/$K$21 -> 1.22145 | L27: =E27/$L$21 -> 1.4653625 | M27: =F27/$M$21 -> 5.37675 | N27: =G27/$N$21 -> 1.7429333 | O27: =SUM(I27:N27) -> 14.920746 | P27: =SUM(P22:P26) -> 17 | T27: TOTAL | W27: =SUM(W22:W26) -> 8 | X27: =SUM(X22:X26) -> 0 | Y27: =Y22+Y23+Y24+Y25+Y26 -> 9 | Z27: =SUM(W27:Y27) -> 17
A31: LOTE III | I31: PRODUTIVIDADE ADOTADA | P31: Quantidade máxima de colaboradores
A32: LOCAL | B32: LIMPEZA E CONSERVAÇÃO DE IMÓVEL ÁREAS M² | I32: Hospitalar e Assemelhado | K32: Banheiros | L32: Administrativo | M32: Área Externa | N32: Esquadrias Interna/ Externa | O32: TOTAL
B33: Hospitalar e Assemelhado | D33: Banheiros | E33: Administrativo | F33: Área Externa | G33: Esquadrias Interna/ Externa | H33: TOTAL | I33: Crítica | J33: Semicrítica | T33: LOTE III
B34: Crítica | C34: Semicrítica | I34: 360 | J34: 360 | K34: 200 | L34: 800 | M34: 1800 | N34: 300 | O34: x | T34: UNIDADES | U34: 0.4 | V34: 40% e 20% | W34: Total insalubre 40% | X34: Total insalubre 20% | Y34: Total sem insalubridade
A35: PRPTC Três Rios Serviço de Perícia Criminal (SPC) | B35: 0 | C35: 0 | D35: 17 | E35: 375.55 | F35: 419.83 | G35: 52.43 | H35: 969.49 | I35: =B35/$I$34 -> 0 | J35: =C35/$J$34 -> 0 | K35: =D35/$K$34 -> 0.085 | L35: =E35/$L$34 -> 0.4694375 | M35: =F35/$M$34 -> 0.23323889 | N35: =G35/$N$34 -> 0.17476667 | O35: =SUM(I35:N35) -> 0.96244306 | P35: 1 | T35: PRPTC Três Rios Serviço de Perícia Criminal (SPC) | U35: =I35+K35 -> 0.085 | V35: =U35+J35 -> 0.085 | W35: =IF(U35>1,2,IF(U35<1,1)) -> 1 | X35: =IF(V35-W35>0.1,1,0) -> 0 | Y35: =P35-(W35+X35) -> 0
A36: PRPTC Três Rios Serviço de Perícia Criminal (SPC) | B36: 85.93 | C36: 0 | D36: 11.37 | E36: 38.39 | F36: 63.44 | G36: 18.28 | H36: 217.41 | I36: =B36/$I$34 -> 0.23869444 | J36: =C36/$J$34 -> 0 | K36: =D36/$K$34 -> 0.05685 | L36: =E36/$L$34 -> 0.0479875 | M36: =F36/$M$34 -> 0.035244444 | N36: =G36/$N$34 -> 0.060933333 | O36: =SUM(I36:N36) -> 0.43970972 | P36: 1 | T36: PRPTC Três Rios Serviço de Perícia Criminal (SPC) | U36: =I36+K36 -> 0.29554444 | V36: =U36+J36 -> 0.29554444 | W36: =IF(U36>1,2,IF(U36<1,1)) -> 1 | X36: =IF(V36-W36>0.1,1,0) -> 0 | Y36: =P36-(W36+X36) -> 0
A37: PRPTC Nova Friburgo | B37: 376.46 | C37: 221.12 | D37: 73.45 | E37: 334 | F37: 2108.5 | G37: 151 | H37: 3264.53 | I37: =B37/$I$34 -> 1.0457222 | J37: =C37/$J$34 -> 0.61422222 | K37: =D37/$K$34 -> 0.36725 | L37: =E37/$L$34 -> 0.4175 | M37: =F37/$M$34 -> 1.1713889 | N37: =G37/$N$34 -> 0.50333333 | O37: =SUM(I37:N37) -> 4.1194167 | P37: 5 | T37: PRPTC Nova Friburgo | U37: =I37+K37 -> 1.4129722 | V37: =U37+J37 -> 2.0271944 | W37: =IF(U37>1,2,IF(U37<1,1)) -> 2 | X37: =IF(V37-W37>0.1,1,0) -> 0 | Y37: =P37-(W37+X37) -> 3
A38: PRPTC Petrópolis | B38: 188.8 | C38: 150.93 | D38: 12.06 | E38: 35.28 | F38: 225 | G38: 57.12 | H38: 586.72 | I38: =B38/$I$34 -> 0.52444444 | J38: =C38/$J$34 -> 0.41925 | K38: =D38/$K$34 -> 0.0603 | L38: =E38/$L$34 -> 0.0441 | M38: =F38/$M$34 -> 0.125 | N38: =G38/$N$34 -> 0.1904 | O38: =SUM(I38:N38) -> 1.3634944 | P38: 2 | T38: PRPTC Petrópolis | U38: =I38+K38 -> 0.58474444 | V38: =U38+J38 -> 1.0039944 | W38: =IF(U38>1,2,IF(U38<1,1)) -> 1 | X38: =IF(V38-W38>0.1,1,0) -> 0 | Y38: =P38-(W38+X38) -> 1
A39: PRPTC Teresópolis | B39: 391.95 | C39: 322.97 | D39: 95 | E39: 661.1 | F39: 663.45 | G39: 44.38 | H39: 2178.85 | I39: =B39/$I$34 -> 1.08875 | J39: =C39/$J$34 -> 0.89713889 | K39: =D39/$K$34 -> 0.475 | L39: =E39/$L$34 -> 0.826375 | M39: =F39/$M$34 -> 0.36858333 | N39: =G39/$N$34 -> 0.14793333 | O39: =SUM(I39:N39) -> 3.8037806 | P39: 4 | T39: PRPTC Teresópolis | U39: =I39+K39 -> 1.56375 | V39: =U39+J39 -> 2.4608889 | W39: =IF(U39>1,2,IF(U39<1,1)) -> 2 | X39: =IF(V39-W39>0.1,1,0) -> 1 | Y39: =P39-(W39+X39) -> 1
A40: TOTAL | B40: 1043.14 | C40: 695.02 | D40: 208.88 | E40: 1444.32 | F40: 3480.22 | G40: 323.21 | H40: 7217 | I40: =B40/$I$34 -> 2.8976111 | J40: =C40/$J$34 -> 1.9306111 | K40: =D40/$K$34 -> 1.0444 | L40: =E40/$L$34 -> 1.8054 | M40: =F40/$M$34 -> 1.9334556 | N40: =G40/$N$34 -> 1.0773667 | O40: =SUM(I40:N40) -> 10.688844 | P40: =SUM(P35:P39) -> 13 | T40: TOTAL | W40: =SUM(W35:W39) -> 7 | X40: =SUM(X35:X39) -> 1 | Y40: =SUM(Y35:Y39) -> 5 | Z40: =SUM(W40:Y40) -> 13
